Workbook
Name CashDrv_AR_Active: IF('Sample Cashflow'!CashScn_Active="Downside",'Sample Cashflow'!CashDrv_AR_Down,IF('Sample Cashflow'!CashScn_Active="Upside",'Sample Cashflow'!CashDrv_AR_Up,0))
Name CashDrv_AR_Active: IF(CashScn_Active="Downside",CashDrv_AR_Down,IF(CashScn_Active="Upside",CashDrv_AR_Up,0))
Name CashDrv_AR_Down: 'Sample Cashflow'!$E$6
Name CashDrv_AR_Down: Cashflow!$E$6
Name CashDrv_AR_Up: 'Sample Cashflow'!$G$6
Name CashDrv_AR_Up: Cashflow!$G$6
Name CashDrv_Capex_Active: IF('Sample Cashflow'!CashScn_Active="Downside",'Sample Cashflow'!CashDrv_Capex_Down,IF('Sample Cashflow'!CashScn_Active="Upside",'Sample Cashflow'!CashDrv_Capex_Up,0))
Name CashDrv_Capex_Active: IF(CashScn_Active="Downside",CashDrv_Capex_Down,IF(CashScn_Active="Upside",CashDrv_Capex_Up,0))
Name CashDrv_Capex_Down: 'Sample Cashflow'!$E$8
Name CashDrv_Capex_Down: Cashflow!$E$8
Name CashDrv_Capex_Up: 'Sample Cashflow'!$G$8
Name CashDrv_Capex_Up: Cashflow!$G$8
Name CashDrv_Disc_Active: IF('Sample Cashflow'!CashScn_Active="Downside",'Sample Cashflow'!CashDrv_Disc_Down,IF('Sample Cashflow'!CashScn_Active="Upside",'Sample Cashflow'!CashDrv_Disc_Up,0))
Name CashDrv_Disc_Active: IF(CashScn_Active="Downside",CashDrv_Disc_Down,IF(CashScn_Active="Upside",CashDrv_Disc_Up,0))
Name CashDrv_Disc_Down: 'Sample Cashflow'!$E$9
Name CashDrv_Disc_Down: Cashflow!$E$9
Name CashDrv_Disc_Up: 'Sample Cashflow'!$G$9
Name CashDrv_Disc_Up: Cashflow!$G$9
Name CashDrv_Rev_Active: IF('Sample Cashflow'!CashScn_Active="Downside",'Sample Cashflow'!CashDrv_Rev_Down,IF('Sample Cashflow'!CashScn_Active="Upside",'Sample Cashflow'!CashDrv_Rev_Up,0))
Name CashDrv_Rev_Active: IF(CashScn_Active="Downside",CashDrv_Rev_Down,IF(CashScn_Active="Upside",CashDrv_Rev_Up,0))
Name CashDrv_Rev_Down: 'Sample Cashflow'!$E$7
Name CashDrv_Rev_Down: Cashflow!$E$7
Name CashDrv_Rev_Up: 'Sample Cashflow'!$G$7
Name CashDrv_Rev_Up: Cashflow!$G$7
Name CashScn_Active: 'Sample Cashflow'!$C$5
Name CashScn_Active: Cashflow!$C$5
Name In_AP_Days: 'Sample Inputs'!$C$131
Name In_AP_Days: 'Sample Inputs'!$C$131
Name In_AP_Days: Inputs!$C$131
Name In_AR_Days: 'Sample Inputs'!$C$43
Name In_AR_Days: 'Sample Inputs'!$C$43
Name In_AR_Days: Inputs!$C$43
Name In_AsOfDate: 'Sample Inputs'!$C$10
Name In_AsOfDate: 'Sample Inputs'!$C$10
Name In_AsOfDate: Inputs!$C$10
Name In_Cash_Ar: 'Sample Inputs'!$C$139:$O$139
Name In_Cash_Ar: 'Sample Inputs'!$C$139:$O$139
Name In_Cash_Ar: Inputs!$C$139:$O$139
Name In_Cash_Bank: 'Sample Inputs'!$C$147:$O$147
Name In_Cash_Bank: 'Sample Inputs'!$C$147:$O$147
Name In_Cash_Bank: Inputs!$C$147:$O$147
Name In_Cash_Capex: 'Sample Inputs'!$C$146:$O$146
Name In_Cash_Capex: 'Sample Inputs'!$C$146:$O$146
Name In_Cash_Capex: Inputs!$C$146:$O$146
Name In_Cash_Debt: 'Sample Inputs'!$C$144:$O$144
Name In_Cash_Debt: 'Sample Inputs'!$C$144:$O$144
Name In_Cash_Debt: Inputs!$C$144:$O$144
Name In_Cash_Opening: 'Sample Inputs'!$C$138:$O$138
Name In_Cash_Opening: 'Sample Inputs'!$C$138:$O$138
Name In_Cash_Opening: Inputs!$C$138:$O$138
Name In_Cash_OpeningW1: 'Sample Inputs'!$C$138
Name In_Cash_OpeningW1: 'Sample Inputs'!$C$138
Name In_Cash_OpeningW1: Inputs!$C$138
Name In_Cash_Other: 'Sample Inputs'!$C$140:$O$140
Name In_Cash_Other: 'Sample Inputs'!$C$140:$O$140
Name In_Cash_Other: Inputs!$C$140:$O$140
Name In_Cash_Payroll: 'Sample Inputs'!$C$141:$O$141
Name In_Cash_Payroll: 'Sample Inputs'!$C$141:$O$141
Name In_Cash_Payroll: Inputs!$C$141:$O$141
Name In_Cash_Recurring: 'Sample Inputs'!$C$145:$O$145

Sheet Read Me
C2: Read Me · 13-Week Cash Flow
B3: How to use this template · what the colours mean · what to do if something looks wrong
B6: 01 | C6: What this is
C7: A free Excel template that projects your operating cash week-by-week over the next 13 weeks, the standard near-term liquidity horizon. Enter your figures on the Inputs tab and the Forecast builds automatically: opening cash, weekly receipts and disbursements, closing cash, the trough, and any week you fall below your minimum buffer.
B9: 02 | C9: How to use it
C10: 1. Open the Inputs tab. Set Region and the Forecast start (Monday of week 1), then fill Business Context. 2. Enter opening AR by aging bucket and your collection assumptions; add forward billings, recurring costs by cadence, payroll cycle, tax dates, and any one-off events. 3. Switch to the Forecast tab to read the 13-week trajectory, trough and buffer breaches. 4. Use the Scenario toggle to stress the plan.
B12: 03 | C12: What the scenario toggle does
C13: Base is the neutral case (no adjustment). Downside and Upside apply operational shifts on top of your inputs: collection delay, revenue haircut, capex deferral and a discretionary-spend cut, so you can see how resilient your cash position is before committing. Tune the Downside / Upside levers to match your own stress assumptions.
B15: 04 | C15: What the colours mean
C16: BLUE TEXT Input, a cell you are meant to edit. OFF-WHITE TEXT Formula, a calculated cell, leave it alone. GREEN TEXT Override, an optional manual override of a default. SLATE TEXT Reference / label, context, not an input.
B18: 05 | C18: What to do if something looks wrong
C19: • If a reconciliation check reads FAIL, a weekly closing balance doesn't tie to opening + net flow. Re-check the inputs feeding that week. • If the trough looks too deep, confirm your AR collection timing and payroll/tax weeks are dated correctly. • Every figure on the Forecast traces back to a cell on Inputs; nothing is hard-coded in the model.
B21: 06 | C21: Free version vs the Control Pack
C22: This template answers one question, will my cash hold over the next 13 weeks, from figures you enter and maintain. The Control Pack answers the full picture: an integrated P&L, cash flow and balance sheet with actuals reconciliation, a rolling 12-month forecast and an executive read. If keeping this current each week is the painful part, that's exactly what the paid engine and our operator-finance work remove.
B24: Built by Infraxus, operator finance · infraxus.com | J24: 13_Week_Cash_Flow.xlsx

Sheet Cashflow
C2: =In_PackTitle -> 13-Week Cash Flow
B3: Project your cash 13 weeks out · free to use · no attribution required
B5: SCENARIO | C5: Base | E5: DOWNSIDE | G5: UPSIDE
B6: AR collection delay (days) | E6: 7 | G6: -5
B7: Revenue haircut (%) | E7: -0.08 | G7: 0.05
B8: Capex deferral (weeks) | E8: 2 | G8: -1
B9: Discretionary spend cut (%) | E9: -0.1 | G9: -0.03
B26: 13-WEEK CASH · WEEKLY FORECAST · APR 2026 → JUN 2026
B27: Category | C27: W1 | D27: W2 | E27: W3 | F27: W4 | G27: W5 | H27: W6 | I27: W7 | J27: W8 | K27: W9 | L27: W10 | M27: W11 | N27: W12 | O27: W13
B28: Opening cash | C28: =In_OpeningCashW1 -> 0 | D28: =C40 -> 0 | E28: =D40 -> 0 | F28: =E40 -> 0 | G28: =F40 -> 0 | H28: =G40 -> 0 | I28: =H40 -> 0 | J28: =I40 -> 0 | K28: =J40 -> 0 | ... O28: =N40 -> 0
B29: INFLOWS
B30: AR collections | C30: =C129+C144 -> 0 | D30: =D129+D144 -> 0 | E30: =E129+E144 -> 0 | F30: =F129+F144 -> 0 | G30: =G129+G144 -> 0 | H30: =H129+H144 -> 0 | I30: =I129+I144 -> 0 | J30: =J129+J144 -> 0 | ... O30: =O129+O144 -> 0
B31: Other inflows | C31: =C130+C145 -> 0 | D31: =D130+D145 -> 0 | E31: =E130+E145 -> 0 | F31: =F130+F145 -> 0 | G31: =G130+G145 -> 0 | H31: =H130+H145 -> 0 | I31: =I130+I145 -> 0 | J31: =J130+J145 -> 0 | ... O31: =O130+O145 -> 0
B32: OUTFLOWS
B33: Payroll | C33: =C131+C146 -> 0 | D33: =D131+D146 -> 0 | E33: =E131+E146 -> 0 | F33: =F131+F146 -> 0 | G33: =G131+G146 -> 0 | H33: =H131+H146 -> 0 | I33: =I131+I146 -> 0 | J33: =J131+J146 -> 0 | ... O33: =O131+O146 -> 0
B34: Suppliers | C34: =C132+C147 -> 0 | D34: =D132+D147 -> 0 | E34: =E132+E147 -> 0 | F34: =F132+F147 -> 0 | G34: =G132+G147 -> 0 | H34: =H132+H147 -> 0 | I34: =I132+I147 -> 0 | J34: =J132+J147 -> 0 | ... O34: =O132+O147 -> 0
B35: Tax | C35: =C133+C148 -> 0 | D35: =D133+D148 -> 0 | E35: =E133+E148 -> 0 | F35: =F133+F148 -> 0 | G35: =G133+G148 -> 0 | H35: =H133+H148 -> 0 | I35: =I133+I148 -> 0 | J35: =J133+J148 -> 0 | ... O35: =O133+O148 -> 0
B36: Debt service | C36: =C134+C149 -> 0 | D36: =D134+D149 -> 0 | E36: =E134+E149 -> 0 | F36: =F134+F149 -> 0 | G36: =G134+G149 -> 0 | H36: =H134+H149 -> 0 | I36: =I134+I149 -> 0 | J36: =J134+J149 -> 0 | ... O36: =O134+O149 -> 0
B37: Recurring | C37: =C135+C150 -> 0 | D37: =D135+D150 -> 0 | E37: =E135+E150 -> 0 | F37: =F135+F150 -> 0 | G37: =G135+G150 -> 0 | H37: =H135+H150 -> 0 | I37: =I135+I150 -> 0 | J37: =J135+J150 -> 0 | ... O37: =O135+O150 -> 0
B38: Equipment & capital | C38: =C136+C151 -> 0 | D38: =D136+D151 -> 0 | E38: =E136+E151 -> 0 | F38: =F136+F151 -> 0 | G38: =G136+G151 -> 0 | H38: =H136+H151 -> 0 | I38: =I136+I151 -> 0 | J38: =J136+J151 -> 0 | ... O38: =O136+O151 -> 0
B39: Net flow | C39: =C30+C31+C33+C34+C35+C36+C37+C38 -> 0 | D39: =D30+D31+D33+D34+D35+D36+D37+D38 -> 0 | E39: =E30+E31+E33+E34+E35+E36+E37+E38 -> 0 | F39: =F30+F31+F33+F34+F35+F36+F37+F38 -> 0 | G39: =G30+G31+G33+G34+G35+G36+G37+G38 -> 0 | H39: =H30+H31+H33+H34+H35+H36+H37+H38 -> 0 | I39: =I30+I31+I33+I34+I35+I36+I37+I38 -> 0 | J39: =J30+J31+J33+J34+J35+J36+J37+J38 -> 0 | ... O39: =O30+O31+O33+O34+O35+O36+O37+O38 -> 0
B40: Closing cash | C40: =C28+C39 -> 0 | D40: =D28+D39 -> 0 | E40: =E28+E39 -> 0 | F40: =F28+F39 -> 0 | G40: =G28+G39 -> 0 | H40: =H28+H39 -> 0 | I40: =I28+I39 -> 0 | J40: =J28+J39 -> 0 | ... O40: =O28+O39 -> 0
B41: Bank balance · per feed | C41: =IF(OR(ISBLANK(Inputs!C59),Inputs!C59=0),"–",Inputs!C59) -> – | D41: =IF(OR(ISBLANK(Inputs!D59),Inputs!D59=0),"–",Inputs!D59) -> – | E41: =IF(OR(ISBLANK(Inputs!E59),Inputs!E59=0),"–",Inputs!E59) -> – | F41: =IF(OR(ISBLANK(Inputs!F59),Inputs!F59=0),"–",Inputs!F59) -> – | G41: =IF(OR(ISBLANK(Inputs!G59),Inputs!G59=0),"–",Inputs!G59) -> – | H41: =IF(OR(ISBLANK(Inputs!H59),Inputs!H59=0),"–",Inputs!H59) -> – | I41: =IF(OR(ISBLANK(Inputs!I59),Inputs!I59=0),"–",Inputs!I59) -> – | J41: =IF(OR(ISBLANK(Inputs!J59),Inputs!J59=0),"–",Inputs!J59) -> – | ... O41: =IF(OR(ISBLANK(Inputs!O59),Inputs!O59=0),"–",Inputs!O59) -> –
B43: =IF(C111=0,"All weeks above floor · Trough "&TEXT(C109,"$#,##0")&" (W"&C110&") · Closes "&TEXT(O40,"$#,##0"),"Below floor · "&C115&" · Trough "&TEXT(C109,"$#,##0")&" (W"&C110&") · Floor "&TEXT(In_MinCashFloor,"$#,##0")&" · Closes "&TEXT(O40,"$#,##0")) -> Below floor · W1–W13 · Trough $0 (W1) · Floor $250,000 · Closes $0
B45: ="KEY CASH ASSUMPTIONS · 6 INPUTS · AR days, AP terms, payroll, tax, debt, floor" -> KEY CASH ASSUMPTIONS · 6 INPUTS · AR days, AP terms, payroll, tax, debt, floor
B46: AR collection days | C46: =In_AR_Days -> 30 | D46: 6-month trailing average from AR aging
B47: Supplier terms | C47: =In_AP_Days -> 0 | D47: AP aging report · 6-month trailing
B48: Payroll cycle ($) | C48: =In_Payroll_Bi -> 0 | D48: Bi-weekly · W1,W3,W5,W7,W9,W11,W13
B49: Tax · PAYG instalment ($) | C49: =In_Tax_Q -> 0 | D49: Quarterly · next due 21 May 2026 (W6)
B50: Debt service · 4-weekly ($) | C50: =In_Debt_Cyc -> 0 | D50: $8.5K principal + interest on WC line
B51: Min cash threshold | C51: =In_MinCashFloor -> 250000 | D51: Owner-set · drives trough alert (3 weeks payroll buffer)
B53: OVERRIDES · NAMED EVENTS · APPLIED ON TOP OF SCENARIO
C54: Event | G54: Week | H54: Line Item | J54: Impact ($) | K54: Note
B55: off | C55: Example event, rename me
B56: off | C56: Example event, rename me
B57: off
B58: off
B59: off
B60: off
B61: off
B62: off
B63: off
B64: off
B66: RECONCILIATION · every check must hold | I66: MASTER | J66: =IF(COUNTIF(J68:J80,"FAIL")=0,"PASS","FAIL ("&COUNTIF(J68:J80,"FAIL")&")") -> PASS
B67: ID | C67: Check | H67: Expected | I67: Actual | J67: Result
B68: R01 | C68: W1 closing = opening + net flow | H68: =C28+C39 -> 0 | I68: =C40 -> 0 | J68: =IF(ABS(I68-H68)<=0.5,"PASS","FAIL") -> PASS
B69: R02 | C69: W2 closing = opening + net flow | H69: =D28+D39 -> 0 | I69: =D40 -> 0 | J69: =IF(ABS(I69-H69)<=0.5,"PASS","FAIL") -> PASS
B70: R03 | C70: W3 closing = opening + net flow | H70: =E28+E39 -> 0 | I70: =E40 -> 0 | J70: =IF(ABS(I70-H70)<=0.5,"PASS","FAIL") -> PASS
B71: R04 | C71: W4 closing = opening + net flow | H71: =F28+F39 -> 0 | I71: =F40 -> 0 | J71: =IF(ABS(I71-H71)<=0.5,"PASS","FAIL") -> PASS
B72: R05 | C72: W5 closing = opening + net flow | H72: =G28+G39 -> 0 | I72: =G40 -> 0 | J72: =IF(ABS(I72-H72)<=0.5,"PASS","FAIL") -> PASS
B73: R06 | C73: W6 closing = opening + net flow | H73: =H28+H39 -> 0 | I73: =H40 -> 0 | J73: =IF(ABS(I73-H73)<=0.5,"PASS","FAIL") -> PASS
B74: R07 | C74: W7 closing = opening + net flow | H74: =I28+I39 -> 0 | I74: =I40 -> 0 | J74: =IF(ABS(I74-H74)<=0.5,"PASS","FAIL") -> PASS
B75: R08 | C75: W8 closing = opening + net flow | H75: =J28+J39 -> 0 | I75: =J40 -> 0 | J75: =IF(ABS(I75-H75)<=0.5,"PASS","FAIL") -> PASS
B76: R09 | C76: W9 closing = opening + net flow | H76: =K28+K39 -> 0 | I76: =K40 -> 0 | J76: =IF(ABS(I76-H76)<=0.5,"PASS","FAIL") -> PASS
B77: R10 | C77: W10 closing = opening + net flow | H77: =L28+L39 -> 0 | I77: =L40 -> 0 | J77: =IF(ABS(I77-H77)<=0.5,"PASS","FAIL") -> PASS
B78: R11 | C78: W11 closing = opening + net flow | H78: =M28+M39 -> 0 | I78: =M40 -> 0 | J78: =IF(ABS(I78-H78)<=0.5,"PASS","FAIL") -> PASS
B79: R12 | C79: W12 closing = opening + net flow | H79: =N28+N39 -> 0 | I79: =N40 -> 0 | J79: =IF(ABS(I79-H79)<=0.5,"PASS","FAIL") -> PASS
B80: R13 | C80: W13 closing = opening + net flow | H80: =O28+O39 -> 0 | I80: =O40 -> 0 | J80: =IF(ABS(I80-H80)<=0.5,"PASS","FAIL") -> PASS
B82: Want this run on your real numbers, not a sample? Book a fit call →
C104: =C27 -> W1 | D104: =D27 -> W2 | E104: =E27 -> W3 | F104: =F27 -> W4 | G104: =G27 -> W5 | H104: =H27 -> W6 | I104: =I27 -> W7 | J104: =J27 -> W8 | ... O104: =O27 -> W13
B105: Floor | C105: =In_MinCashFloor -> 250000 | D105: =In_MinCashFloor -> 250000 | E105: =In_MinCashFloor -> 250000 | F105: =In_MinCashFloor -> 250000 | G105: =In_MinCashFloor -> 250000 | H105: =In_MinCashFloor -> 250000 | I105: =In_MinCashFloor -> 250000 | J105: =In_MinCashFloor -> 250000 | ... O105: =In_MinCashFloor -> 250000
B106: Safe cash | C106: =IF(C40<In_MinCashFloor,NA(),C40) -> #N/A | D106: =IF(D40<In_MinCashFloor,NA(),D40) -> #N/A | E106: =IF(E40<In_MinCashFloor,NA(),E40) -> #N/A | F106: =IF(F40<In_MinCashFloor,NA(),F40) -> #N/A | G106: =IF(G40<In_MinCashFloor,NA(),G40) -> #N/A | H106: =IF(H40<In_MinCashFloor,NA(),H40) -> #N/A | I106: =IF(I40<In_MinCashFloor,NA(),I40) -> #N/A | J106: =IF(J40<In_MinCashFloor,NA(),J40) -> #N/A | ... O106: =IF(O40<In_MinCashFloor,NA(),O40) -> #N/A
B107: Below floor | C107: =IF(C40<In_MinCashFloor,C40,NA()) -> 0 | D107: =IF(D40<In_MinCashFloor,D40,NA()) -> 0 | E107: =IF(E40<In_MinCashFloor,E40,NA()) -> 0 | F107: =IF(F40<In_MinCashFloor,F40,NA()) -> 0 | G107: =IF(G40<In_MinCashFloor,G40,NA()) -> 0 | H107: =IF(H40<In_MinCashFloor,H40,NA()) -> 0 | I107: =IF(I40<In_MinCashFloor,I40,NA()) -> 0 | J107: =IF(J40<In_MinCashFloor,J40,NA()) -> 0 | ... O107: =IF(O40<In_MinCashFloor,O40,NA()) -> 0
B109: Trough value | C109: =MIN(C40:O40) -> 0
B110: Trough week | C110: =MATCH(C109,C40:O40,0) -> 1
B111: Breach count | C111: =COUNTIF(C40:O40,"<"&In_MinCashFloor) -> 13
B112: First breach | C112: {=IFERROR(MATCH(TRUE,INDEX(C40:O40<In_MinCashFloor,0),0),0)} -> 1
B113: Last breach | C113: {=IF(C111=0,0,MAX(IF(C40:O40<In_MinCashFloor,COLUMN(C40:O40)-COLUMN(C40)+1)))} -> 13
B114: Contiguous? | C114: =IF(C111=0,FALSE,(C113-C112+1)=C111) -> TRUE
B115: Breach label | C115: =IF(C111=0,"No breach",IF(C111=1,"W"&C112,IF(C114,"W"&C112&"–W"&C113,"W"&C112&"+"&(C111-1)&" more"))) -> W1–W13
B127: DRIVER-ADJUSTED LAYER (working), base values shifted/scaled by active scenario
B128: Row | C128: W1 | D128: W2 | E128: W3 | F128: W4 | G128: W5 | H128: W6 | I128: W7 | J128: W8 | K128: W9 | L128: W10 | M128: W11 | N128: W12 | O128: W13
B129: AR collections | C129: {=IF(COLUMN(C129)-COLUMN($C129)+1-ROUND(CashDrv_AR_Active/7,0)<1,0,IF(COLUMN(C129)-COLUMN($C129)+1-ROUND(CashDrv_AR_Active/7,0)>13,0,INDEX(In_Cash_Ar,1,COLUMN(C129)-COLUMN($C129)+1-ROUND(CashDrv_AR_Active/7,0))))*(1+CashDrv_Rev_Active)} -> 0 | D129: {=IF(COLUMN(D129)-COLUMN($C129)+1-ROUND(CashDrv_AR_Active/7,0)<1,0,IF(COLUMN(D129)-COLUMN($C129)+1-ROUND(CashDrv_AR_Active/7,0)>13,0,INDEX(In_Cash_Ar,1,COLUMN(D129)-COLUMN($C129)+1-ROUND(CashDrv_AR_Active/7,0))))*(1+CashDrv_Rev_Active)} -> 0 | E129: {=IF(COLUMN(E129)-COLUMN($C129)+1-ROUND(CashDrv_AR_Active/7,0)<1,0,IF(COLUMN(E129)-COLUMN($C129)+1-ROUND(CashDrv_AR_Active/7,0)>13,0,INDEX(In_Cash_Ar,1,COLUMN(E129)-COLUMN($C129)+1-ROUND(CashDrv_AR_Active/7,0))))*(1+CashDrv_Rev_Active)} -> 0 | F129: {=IF(COLUMN(F129)-COLUMN($C129)+1-ROUND(CashDrv_AR_Active/7,0)<1,0,IF(COLUMN(F129)-COLUMN($C129)+1-ROUND(CashDrv_AR_Active/7,0)>13,0,INDEX(In_Cash_Ar,1,COLUMN(F129)-COLUMN($C129)+1-ROUND(CashDrv_AR_Active/7,0))))*(1+CashDrv_Rev_Active)} -> 0 | G129: {=IF(COLUMN(G129)-COLUMN($C129)+1-ROUND(CashDrv_AR_Active/7,0)<1,0,IF(COLUMN(G129)-COLUMN($C129)+1-ROUND(CashDrv_AR_Active/7,0)>13,0,INDEX(In_Cash_Ar,1,COLUMN(G129)-COLUMN($C129)+1-ROUND(CashDrv_AR_Active/7,0))))*(1+CashDrv_Rev_Active)} -> 0 | H129: {=IF(COLUMN(H129)-COLUMN($C129)+1-ROUND(CashDrv_AR_Active/7,0)<1,0,IF(COLUMN(H129)-COLUMN($C129)+1-ROUND(CashDrv_AR_Active/7,0)>13,0,INDEX(In_Cash_Ar,1,COLUMN(H129)-COLUMN($C129)+1-ROUND(CashDrv_AR_Active/7,0))))*(1+CashDrv_Rev_Active)} -> 0 | I129: {=IF(COLUMN(I129)-COLUMN($C129)+1-ROUND(CashDrv_AR_Active/7,0)<1,0,IF(COLUMN(I129)-COLUMN($C129)+1-ROUND(CashDrv_AR_Active/7,0)>13,0,INDEX(In_Cash_Ar,1,COLUMN(I129)-COLUMN($C129)+1-ROUND(CashDrv_AR_Active/7,0))))*(1+CashDrv_Rev_Active)} -> 0 | J129: {=IF(COLUMN(J129)-COLUMN($C129)+1-ROUND(CashDrv_AR_Active/7,0)<1,0,IF(COLUMN(J129)-COLUMN($C129)+1-ROUND(CashDrv_AR_Active/7,0)>13,0,INDEX(In_Cash_Ar,1,COLUMN(J129)-COLUMN($C129)+1-ROUND(CashDrv_AR_Active/7,0))))*(1+CashDrv_Rev_Active)} -> 0 | ... O129: {=IF(COLUMN(O129)-COLUMN($C129)+1-ROUND(CashDrv_AR_Active/7,0)<1,0,IF(COLUMN(O129)-COLUMN($C129)+1-ROUND(CashDrv_AR_Active/7,0)>13,0,INDEX(In_Cash_Ar,1,COLUMN(O129)-COLUMN($C129)+1-ROUND(CashDrv_AR_Active/7,0))))*(1+CashDrv_Rev_Active)} -> 0
B130: Other inflows | C130: {=INDEX(In_Cash_Other,1,COLUMN(C130)-COLUMN($C130)+1)*(1+CashDrv_Rev_Active)} -> 0 | D130: {=INDEX(In_Cash_Other,1,COLUMN(D130)-COLUMN($C130)+1)*(1+CashDrv_Rev_Active)} -> 0 | E130: {=INDEX(In_Cash_Other,1,COLUMN(E130)-COLUMN($C130)+1)*(1+CashDrv_Rev_Active)} -> 0 | F130: {=INDEX(In_Cash_Other,1,COLUMN(F130)-COLUMN($C130)+1)*(1+CashDrv_Rev_Active)} -> 0 | G130: {=INDEX(In_Cash_Other,1,COLUMN(G130)-COLUMN($C130)+1)*(1+CashDrv_Rev_Active)} -> 0 | H130: {=INDEX(In_Cash_Other,1,COLUMN(H130)-COLUMN($C130)+1)*(1+CashDrv_Rev_Active)} -> 0 | I130: {=INDEX(In_Cash_Other,1,COLUMN(I130)-COLUMN($C130)+1)*(1+CashDrv_Rev_Active)} -> 0 | J130: {=INDEX(In_Cash_Other,1,COLUMN(J130)-COLUMN($C130)+1)*(1+CashDrv_Rev_Active)} -> 0 | ... O130: {=INDEX(In_Cash_Other,1,COLUMN(O130)-COLUMN($C130)+1)*(1+CashDrv_Rev_Active)} -> 0
B131: Payroll | C131: {=INDEX(In_Cash_Payroll,1,COLUMN(C131)-COLUMN($C131)+1)} -> 0 | D131: {=INDEX(In_Cash_Payroll,1,COLUMN(D131)-COLUMN($C131)+1)} -> 0 | E131: {=INDEX(In_Cash_Payroll,1,COLUMN(E131)-COLUMN($C131)+1)} -> 0 | F131: {=INDEX(In_Cash_Payroll,1,COLUMN(F131)-COLUMN($C131)+1)} -> 0 | G131: {=INDEX(In_Cash_Payroll,1,COLUMN(G131)-COLUMN($C131)+1)} -> 0 | H131: {=INDEX(In_Cash_Payroll,1,COLUMN(H131)-COLUMN($C131)+1)} -> 0 | I131: {=INDEX(In_Cash_Payroll,1,COLUMN(I131)-COLUMN($C131)+1)} -> 0 | J131: {=INDEX(In_Cash_Payroll,1,COLUMN(J131)-COLUMN($C131)+1)} -> 0 | ... O131: {=INDEX(In_Cash_Payroll,1,COLUMN(O131)-COLUMN($C131)+1)} -> 0
B132: Suppliers | C132: {=INDEX(In_Cash_Suppliers,1,COLUMN(C132)-COLUMN($C132)+1)*(1+CashDrv_Disc_Active)} -> 0 | D132: {=INDEX(In_Cash_Suppliers,1,COLUMN(D132)-COLUMN($C132)+1)*(1+CashDrv_Disc_Active)} -> 0 | E132: {=INDEX(In_Cash_Suppliers,1,COLUMN(E132)-COLUMN($C132)+1)*(1+CashDrv_Disc_Active)} -> 0 | F132: {=INDEX(In_Cash_Suppliers,1,COLUMN(F132)-COLUMN($C132)+1)*(1+CashDrv_Disc_Active)} -> 0 | G132: {=INDEX(In_Cash_Suppliers,1,COLUMN(G132)-COLUMN($C132)+1)*(1+CashDrv_Disc_Active)} -> 0 | H132: {=INDEX(In_Cash_Suppliers,1,COLUMN(H132)-COLUMN($C132)+1)*(1+CashDrv_Disc_Active)} -> 0 | I132: {=INDEX(In_Cash_Suppliers,1,COLUMN(I132)-COLUMN($C132)+1)*(1+CashDrv_Disc_Active)} -> 0 | J132: {=INDEX(In_Cash_Suppliers,1,COLUMN(J132)-COLUMN($C132)+1)*(1+CashDrv_Disc_Active)} -> 0 | ... O132: {=INDEX(In_Cash_Suppliers,1,COLUMN(O132)-COLUMN($C132)+1)*(1+CashDrv_Disc_Active)} -> 0
B133: Tax | C133: {=INDEX(In_Cash_Tax,1,COLUMN(C133)-COLUMN($C133)+1)} -> 0 | D133: {=INDEX(In_Cash_Tax,1,COLUMN(D133)-COLUMN($C133)+1)} -> 0 | E133: {=INDEX(In_Cash_Tax,1,COLUMN(E133)-COLUMN($C133)+1)} -> 0 | F133: {=INDEX(In_Cash_Tax,1,COLUMN(F133)-COLUMN($C133)+1)} -> 0 | G133: {=INDEX(In_Cash_Tax,1,COLUMN(G133)-COLUMN($C133)+1)} -> 0 | H133: {=INDEX(In_Cash_Tax,1,COLUMN(H133)-COLUMN($C133)+1)} -> 0 | I133: {=INDEX(In_Cash_Tax,1,COLUMN(I133)-COLUMN($C133)+1)} -> 0 | J133: {=INDEX(In_Cash_Tax,1,COLUMN(J133)-COLUMN($C133)+1)} -> 0 | ... O133: {=INDEX(In_Cash_Tax,1,COLUMN(O133)-COLUMN($C133)+1)} -> 0
B134: Debt service | C134: {=INDEX(In_Cash_Debt,1,COLUMN(C134)-COLUMN($C134)+1)} -> 0 | D134: {=INDEX(In_Cash_Debt,1,COLUMN(D134)-COLUMN($C134)+1)} -> 0 | E134: {=INDEX(In_Cash_Debt,1,COLUMN(E134)-COLUMN($C134)+1)} -> 0 | F134: {=INDEX(In_Cash_Debt,1,COLUMN(F134)-COLUMN($C134)+1)} -> 0 | G134: {=INDEX(In_Cash_Debt,1,COLUMN(G134)-COLUMN($C134)+1)} -> 0 | H134: {=INDEX(In_Cash_Debt,1,COLUMN(H134)-COLUMN($C134)+1)} -> 0 | I134: {=INDEX(In_Cash_Debt,1,COLUMN(I134)-COLUMN($C134)+1)} -> 0 | J134: {=INDEX(In_Cash_Debt,1,COLUMN(J134)-COLUMN($C134)+1)} -> 0 | ... O134: {=INDEX(In_Cash_Debt,1,COLUMN(O134)-COLUMN($C134)+1)} -> 0
B135: Recurring | C135: {=INDEX(In_Cash_Recurring,1,COLUMN(C135)-COLUMN($C135)+1)*(1+CashDrv_Disc_Active)} -> 0 | D135: {=INDEX(In_Cash_Recurring,1,COLUMN(D135)-COLUMN($C135)+1)*(1+CashDrv_Disc_Active)} -> 0 | E135: {=INDEX(In_Cash_Recurring,1,COLUMN(E135)-COLUMN($C135)+1)*(1+CashDrv_Disc_Active)} -> 0 | F135: {=INDEX(In_Cash_Recurring,1,COLUMN(F135)-COLUMN($C135)+1)*(1+CashDrv_Disc_Active)} -> 0 | G135: {=INDEX(In_Cash_Recurring,1,COLUMN(G135)-COLUMN($C135)+1)*(1+CashDrv_Disc_Active)} -> 0 | H135: {=INDEX(In_Cash_Recurring,1,COLUMN(H135)-COLUMN($C135)+1)*(1+CashDrv_Disc_Active)} -> 0 | I135: {=INDEX(In_Cash_Recurring,1,COLUMN(I135)-COLUMN($C135)+1)*(1+CashDrv_Disc_Active)} -> 0 | J135: {=INDEX(In_Cash_Recurring,1,COLUMN(J135)-COLUMN($C135)+1)*(1+CashDrv_Disc_Active)} -> 0 | ... O135: {=INDEX(In_Cash_Recurring,1,COLUMN(O135)-COLUMN($C135)+1)*(1+CashDrv_Disc_Active)} -> 0
B136: Equipment & capital | C136: {=IF(COLUMN(C136)-COLUMN($C136)+1-CashDrv_Capex_Active<1,0,IF(COLUMN(C136)-COLUMN($C136)+1-CashDrv_Capex_Active>13,0,INDEX(In_Cash_Capex,1,COLUMN(C136)-COLUMN($C136)+1-CashDrv_Capex_Active)))} -> 0 | D136: {=IF(COLUMN(D136)-COLUMN($C136)+1-CashDrv_Capex_Active<1,0,IF(COLUMN(D136)-COLUMN($C136)+1-CashDrv_Capex_Active>13,0,INDEX(In_Cash_Capex,1,COLUMN(D136)-COLUMN($C136)+1-CashDrv_Capex_Active)))} -> 0 | E136: {=IF(COLUMN(E136)-COLUMN($C136)+1-CashDrv_Capex_Active<1,0,IF(COLUMN(E136)-COLUMN($C136)+1-CashDrv_Capex_Active>13,0,INDEX(In_Cash_Capex,1,COLUMN(E136)-COLUMN($C136)+1-CashDrv_Capex_Active)))} -> 0 | F136: {=IF(COLUMN(F136)-COLUMN($C136)+1-CashDrv_Capex_Active<1,0,IF(COLUMN(F136)-COLUMN($C136)+1-CashDrv_Capex_Active>13,0,INDEX(In_Cash_Capex,1,COLUMN(F136)-COLUMN($C136)+1-CashDrv_Capex_Active)))} -> 0 | G136: {=IF(COLUMN(G136)-COLUMN($C136)+1-CashDrv_Capex_Active<1,0,IF(COLUMN(G136)-COLUMN($C136)+1-CashDrv_Capex_Active>13,0,INDEX(In_Cash_Capex,1,COLUMN(G136)-COLUMN($C136)+1-CashDrv_Capex_Active)))} -> 0 | H136: {=IF(COLUMN(H136)-COLUMN($C136)+1-CashDrv_Capex_Active<1,0,IF(COLUMN(H136)-COLUMN($C136)+1-CashDrv_Capex_Active>13,0,INDEX(In_Cash_Capex,1,COLUMN(H136)-COLUMN($C136)+1-CashDrv_Capex_Active)))} -> 0 | I136: {=IF(COLUMN(I136)-COLUMN($C136)+1-CashDrv_Capex_Active<1,0,IF(COLUMN(I136)-COLUMN($C136)+1-CashDrv_Capex_Active>13,0,INDEX(In_Cash_Capex,1,COLUMN(I136)-COLUMN($C136)+1-CashDrv_Capex_Active)))} -> 0 | J136: {=IF(COLUMN(J136)-COLUMN($C136)+1-CashDrv_Capex_Active<1,0,IF(COLUMN(J136)-COLUMN($C136)+1-CashDrv_Capex_Active>13,0,INDEX(In_Cash_Capex,1,COLUMN(J136)-COLUMN($C136)+1-CashDrv_Capex_Active)))} -> 0 | ... O136: {=IF(COLUMN(O136)-COLUMN($C136)+1-CashDrv_Capex_Active<1,0,IF(COLUMN(O136)-COLUMN($C136)+1-CashDrv_Capex_Active>13,0,INDEX(In_Cash_Capex,1,COLUMN(O136)-COLUMN($C136)+1-CashDrv_Capex_Active)))} -> 0
B142: OVERRIDE LOOKUP LAYER (working), per-row, per-week sum of override impacts
B143: Row → | C143: W1 | D143: W2 | E143: W3 | F143: W4 | G143: W5 | H143: W6 | I143: W7 | J143: W8 | K143: W9 | L143: W10 | M143: W11 | N143: W12 | O143: W13
B144: AR collections | C144: =SUMIFS($J$55:$J$64,$H$55:$H$64,$B144,$G$55:$G$64,"W"&(COLUMN(C144)-COLUMN($C144)+1),$B$55:$B$64,"ON") -> 0 | D144: =SUMIFS($J$55:$J$64,$H$55:$H$64,$B144,$G$55:$G$64,"W"&(COLUMN(D144)-COLUMN($C144)+1),$B$55:$B$64,"ON") -> 0 | E144: =SUMIFS($J$55:$J$64,$H$55:$H$64,$B144,$G$55:$G$64,"W"&(COLUMN(E144)-COLUMN($C144)+1),$B$55:$B$64,"ON") -> 0 | F144: =SUMIFS($J$55:$J$64,$H$55:$H$64,$B144,$G$55:$G$64,"W"&(COLUMN(F144)-COLUMN($C144)+1),$B$55:$B$64,"ON") -> 0 | G144: =SUMIFS($J$55:$J$64,$H$55:$H$64,$B144,$G$55:$G$64,"W"&(COLUMN(G144)-COLUMN($C144)+1),$B$55:$B$64,"ON") -> 0 | H144: =SUMIFS($J$55:$J$64,$H$55:$H$64,$B144,$G$55:$G$64,"W"&(COLUMN(H144)-COLUMN($C144)+1),$B$55:$B$64,"ON") -> 0 | I144: =SUMIFS($J$55:$J$64,$H$55:$H$64,$B144,$G$55:$G$64,"W"&(COLUMN(I144)-COLUMN($C144)+1),$B$55:$B$64,"ON") -> 0 | J144: =SUMIFS($J$55:$J$64,$H$55:$H$64,$B144,$G$55:$G$64,"W"&(COLUMN(J144)-COLUMN($C144)+1),$B$55:$B$64,"ON") -> 0 | ... O144: =SUMIFS($J$55:$J$64,$H$55:$H$64,$B144,$G$55:$G$64,"W"&(COLUMN(O144)-COLUMN($C144)+1),$B$55:$B$64,"ON") -> 0
B145: Other inflows | C145: =SUMIFS($J$55:$J$64,$H$55:$H$64,$B145,$G$55:$G$64,"W"&(COLUMN(C145)-COLUMN($C145)+1),$B$55:$B$64,"ON") -> 0 | D145: =SUMIFS($J$55:$J$64,$H$55:$H$64,$B145,$G$55:$G$64,"W"&(COLUMN(D145)-COLUMN($C145)+1),$B$55:$B$64,"ON") -> 0 | E145: =SUMIFS($J$55:$J$64,$H$55:$H$64,$B145,$G$55:$G$64,"W"&(COLUMN(E145)-COLUMN($C145)+1),$B$55:$B$64,"ON") -> 0 | F145: =SUMIFS($J$55:$J$64,$H$55:$H$64,$B145,$G$55:$G$64,"W"&(COLUMN(F145)-COLUMN($C145)+1),$B$55:$B$64,"ON") -> 0 | G145: =SUMIFS($J$55:$J$64,$H$55:$H$64,$B145,$G$55:$G$64,"W"&(COLUMN(G145)-COLUMN($C145)+1),$B$55:$B$64,"ON") -> 0 | H145: =SUMIFS($J$55:$J$64,$H$55:$H$64,$B145,$G$55:$G$64,"W"&(COLUMN(H145)-COLUMN($C145)+1),$B$55:$B$64,"ON") -> 0 | I145: =SUMIFS($J$55:$J$64,$H$55:$H$64,$B145,$G$55:$G$64,"W"&(COLUMN(I145)-COLUMN($C145)+1),$B$55:$B$64,"ON") -> 0 | J145: =SUMIFS($J$55:$J$64,$H$55:$H$64,$B145,$G$55:$G$64,"W"&(COLUMN(J145)-COLUMN($C145)+1),$B$55:$B$64,"ON") -> 0 | ... O145: =SUMIFS($J$55:$J$64,$H$55:$H$64,$B145,$G$55:$G$64,"W"&(COLUMN(O145)-COLUMN($C145)+1),$B$55:$B$64,"ON") -> 0
B146: Payroll | C146: =SUMIFS($J$55:$J$64,$H$55:$H$64,$B146,$G$55:$G$64,"W"&(COLUMN(C146)-COLUMN($C146)+1),$B$55:$B$64,"ON") -> 0 | D146: =SUMIFS($J$55:$J$64,$H$55:$H$64,$B146,$G$55:$G$64,"W"&(COLUMN(D146)-COLUMN($C146)+1),$B$55:$B$64,"ON") -> 0 | E146: =SUMIFS($J$55:$J$64,$H$55:$H$64,$B146,$G$55:$G$64,"W"&(COLUMN(E146)-COLUMN($C146)+1),$B$55:$B$64,"ON") -> 0 | F146: =SUMIFS($J$55:$J$64,$H$55:$H$64,$B146,$G$55:$G$64,"W"&(COLUMN(F146)-COLUMN($C146)+1),$B$55:$B$64,"ON") -> 0 | G146: =SUMIFS($J$55:$J$64,$H$55:$H$64,$B146,$G$55:$G$64,"W"&(COLUMN(G146)-COLUMN($C146)+1),$B$55:$B$64,"ON") -> 0 | H146: =SUMIFS($J$55:$J$64,$H$55:$H$64,$B146,$G$55:$G$64,"W"&(COLUMN(H146)-COLUMN($C146)+1),$B$55:$B$64,"ON") -> 0 | I146: =SUMIFS($J$55:$J$64,$H$55:$H$64,$B146,$G$55:$G$64,"W"&(COLUMN(I146)-COLUMN($C146)+1),$B$55:$B$64,"ON") -> 0 | J146: =SUMIFS($J$55:$J$64,$H$55:$H$64,$B146,$G$55:$G$64,"W"&(COLUMN(J146)-COLUMN($C146)+1),$B$55:$B$64,"ON") -> 0 | ... O146: =SUMIFS($J$55:$J$64,$H$55:$H$64,$B146,$G$55:$G$64,"W"&(COLUMN(O146)-COLUMN($C146)+1),$B$55:$B$64,"ON") -> 0
B147: Suppliers | C147: =SUMIFS($J$55:$J$64,$H$55:$H$64,$B147,$G$55:$G$64,"W"&(COLUMN(C147)-COLUMN($C147)+1),$B$55:$B$64,"ON") -> 0 | D147: =SUMIFS($J$55:$J$64,$H$55:$H$64,$B147,$G$55:$G$64,"W"&(COLUMN(D147)-COLUMN($C147)+1),$B$55:$B$64,"ON") -> 0 | E147: =SUMIFS($J$55:$J$64,$H$55:$H$64,$B147,$G$55:$G$64,"W"&(COLUMN(E147)-COLUMN($C147)+1),$B$55:$B$64,"ON") -> 0 | F147: =SUMIFS($J$55:$J$64,$H$55:$H$64,$B147,$G$55:$G$64,"W"&(COLUMN(F147)-COLUMN($C147)+1),$B$55:$B$64,"ON") -> 0 | G147: =SUMIFS($J$55:$J$64,$H$55:$H$64,$B147,$G$55:$G$64,"W"&(COLUMN(G147)-COLUMN($C147)+1),$B$55:$B$64,"ON") -> 0 | H147: =SUMIFS($J$55:$J$64,$H$55:$H$64,$B147,$G$55:$G$64,"W"&(COLUMN(H147)-COLUMN($C147)+1),$B$55:$B$64,"ON") -> 0 | I147: =SUMIFS($J$55:$J$64,$H$55:$H$64,$B147,$G$55:$G$64,"W"&(COLUMN(I147)-COLUMN($C147)+1),$B$55:$B$64,"ON") -> 0 | J147: =SUMIFS($J$55:$J$64,$H$55:$H$64,$B147,$G$55:$G$64,"W"&(COLUMN(J147)-COLUMN($C147)+1),$B$55:$B$64,"ON") -> 0 | ... O147: =SUMIFS($J$55:$J$64,$H$55:$H$64,$B147,$G$55:$G$64,"W"&(COLUMN(O147)-COLUMN($C147)+1),$B$55:$B$64,"ON") -> 0
B148: Tax | C148: =SUMIFS($J$55:$J$64,$H$55:$H$64,$B148,$G$55:$G$64,"W"&(COLUMN(C148)-COLUMN($C148)+1),$B$55:$B$64,"ON") -> 0 | D148: =SUMIFS($J$55:$J$64,$H$55:$H$64,$B148,$G$55:$G$64,"W"&(COLUMN(D148)-COLUMN($C148)+1),$B$55:$B$64,"ON") -> 0 | E148: =SUMIFS($J$55:$J$64,$H$55:$H$64,$B148,$G$55:$G$64,"W"&(COLUMN(E148)-COLUMN($C148)+1),$B$55:$B$64,"ON") -> 0 | F148: =SUMIFS($J$55:$J$64,$H$55:$H$64,$B148,$G$55:$G$64,"W"&(COLUMN(F148)-COLUMN($C148)+1),$B$55:$B$64,"ON") -> 0 | G148: =SUMIFS($J$55:$J$64,$H$55:$H$64,$B148,$G$55:$G$64,"W"&(COLUMN(G148)-COLUMN($C148)+1),$B$55:$B$64,"ON") -> 0 | H148: =SUMIFS($J$55:$J$64,$H$55:$H$64,$B148,$G$55:$G$64,"W"&(COLUMN(H148)-COLUMN($C148)+1),$B$55:$B$64,"ON") -> 0 | I148: =SUMIFS($J$55:$J$64,$H$55:$H$64,$B148,$G$55:$G$64,"W"&(COLUMN(I148)-COLUMN($C148)+1),$B$55:$B$64,"ON") -> 0 | J148: =SUMIFS($J$55:$J$64,$H$55:$H$64,$B148,$G$55:$G$64,"W"&(COLUMN(J148)-COLUMN($C148)+1),$B$55:$B$64,"ON") -> 0 | ... O148: =SUMIFS($J$55:$J$64,$H$55:$H$64,$B148,$G$55:$G$64,"W"&(COLUMN(O148)-COLUMN($C148)+1),$B$55:$B$64,"ON") -> 0
B149: Debt service | C149: =SUMIFS($J$55:$J$64,$H$55:$H$64,$B149,$G$55:$G$64,"W"&(COLUMN(C149)-COLUMN($C149)+1),$B$55:$B$64,"ON") -> 0 | D149: =SUMIFS($J$55:$J$64,$H$55:$H$64,$B149,$G$55:$G$64,"W"&(COLUMN(D149)-COLUMN($C149)+1),$B$55:$B$64,"ON") -> 0 | E149: =SUMIFS($J$55:$J$64,$H$55:$H$64,$B149,$G$55:$G$64,"W"&(COLUMN(E149)-COLUMN($C149)+1),$B$55:$B$64,"ON") -> 0 | F149: =SUMIFS($J$55:$J$64,$H$55:$H$64,$B149,$G$55:$G$64,"W"&(COLUMN(F149)-COLUMN($C149)+1),$B$55:$B$64,"ON") -> 0 | G149: =SUMIFS($J$55:$J$64,$H$55:$H$64,$B149,$G$55:$G$64,"W"&(COLUMN(G149)-COLUMN($C149)+1),$B$55:$B$64,"ON") -> 0 | H149: =SUMIFS($J$55:$J$64,$H$55:$H$64,$B149,$G$55:$G$64,"W"&(COLUMN(H149)-COLUMN($C149)+1),$B$55:$B$64,"ON") -> 0 | I149: =SUMIFS($J$55:$J$64,$H$55:$H$64,$B149,$G$55:$G$64,"W"&(COLUMN(I149)-COLUMN($C149)+1),$B$55:$B$64,"ON") -> 0 | J149: =SUMIFS($J$55:$J$64,$H$55:$H$64,$B149,$G$55:$G$64,"W"&(COLUMN(J149)-COLUMN($C149)+1),$B$55:$B$64,"ON") -> 0 | ... O149: =SUMIFS($J$55:$J$64,$H$55:$H$64,$B149,$G$55:$G$64,"W"&(COLUMN(O149)-COLUMN($C149)+1),$B$55:$B$64,"ON") -> 0
B150: Recurring | C150: =SUMIFS($J$55:$J$64,$H$55:$H$64,$B150,$G$55:$G$64,"W"&(COLUMN(C150)-COLUMN($C150)+1),$B$55:$B$64,"ON") -> 0 | D150: =SUMIFS($J$55:$J$64,$H$55:$H$64,$B150,$G$55:$G$64,"W"&(COLUMN(D150)-COLUMN($C150)+1),$B$55:$B$64,"ON") -> 0 | E150: =SUMIFS($J$55:$J$64,$H$55:$H$64,$B150,$G$55:$G$64,"W"&(COLUMN(E150)-COLUMN($C150)+1),$B$55:$B$64,"ON") -> 0 | F150: =SUMIFS($J$55:$J$64,$H$55:$H$64,$B150,$G$55:$G$64,"W"&(COLUMN(F150)-COLUMN($C150)+1),$B$55:$B$64,"ON") -> 0 | G150: =SUMIFS($J$55:$J$64,$H$55:$H$64,$B150,$G$55:$G$64,"W"&(COLUMN(G150)-COLUMN($C150)+1),$B$55:$B$64,"ON") -> 0 | H150: =SUMIFS($J$55:$J$64,$H$55:$H$64,$B150,$G$55:$G$64,"W"&(COLUMN(H150)-COLUMN($C150)+1),$B$55:$B$64,"ON") -> 0 | I150: =SUMIFS($J$55:$J$64,$H$55:$H$64,$B150,$G$55:$G$64,"W"&(COLUMN(I150)-COLUMN($C150)+1),$B$55:$B$64,"ON") -> 0 | J150: =SUMIFS($J$55:$J$64,$H$55:$H$64,$B150,$G$55:$G$64,"W"&(COLUMN(J150)-COLUMN($C150)+1),$B$55:$B$64,"ON") -> 0 | ... O150: =SUMIFS($J$55:$J$64,$H$55:$H$64,$B150,$G$55:$G$64,"W"&(COLUMN(O150)-COLUMN($C150)+1),$B$55:$B$64,"ON") -> 0
B151: Equipment & capital | C151: =SUMIFS($J$55:$J$64,$H$55:$H$64,$B151,$G$55:$G$64,"W"&(COLUMN(C151)-COLUMN($C151)+1),$B$55:$B$64,"ON") -> 0 | D151: =SUMIFS($J$55:$J$64,$H$55:$H$64,$B151,$G$55:$G$64,"W"&(COLUMN(D151)-COLUMN($C151)+1),$B$55:$B$64,"ON") -> 0 | E151: =SUMIFS($J$55:$J$64,$H$55:$H$64,$B151,$G$55:$G$64,"W"&(COLUMN(E151)-COLUMN($C151)+1),$B$55:$B$64,"ON") -> 0 | F151: =SUMIFS($J$55:$J$64,$H$55:$H$64,$B151,$G$55:$G$64,"W"&(COLUMN(F151)-COLUMN($C151)+1),$B$55:$B$64,"ON") -> 0 | G151: =SUMIFS($J$55:$J$64,$H$55:$H$64,$B151,$G$55:$G$64,"W"&(COLUMN(G151)-COLUMN($C151)+1),$B$55:$B$64,"ON") -> 0 | H151: =SUMIFS($J$55:$J$64,$H$55:$H$64,$B151,$G$55:$G$64,"W"&(COLUMN(H151)-COLUMN($C151)+1),$B$55:$B$64,"ON") -> 0 | I151: =SUMIFS($J$55:$J$64,$H$55:$H$64,$B151,$G$55:$G$64,"W"&(COLUMN(I151)-COLUMN($C151)+1),$B$55:$B$64,"ON") -> 0 | J151: =SUMIFS($J$55:$J$64,$H$55:$H$64,$B151,$G$55:$G$64,"W"&(COLUMN(J151)-COLUMN($C151)+1),$B$55:$B$64,"ON") -> 0 | ... O151: =SUMIFS($J$55:$J$64,$H$55:$H$64,$B151,$G$55:$G$64,"W"&(COLUMN(O151)-COLUMN($C151)+1),$B$55:$B$64,"ON") -> 0

Sheet Inputs
C2: 13-Week Cash Flow · Inputs
B3: Blue cells are inputs you edit · receivables & payables are placed in the week you expect them · free to use · no attribution required
B5: LEGEND | C5: 123 | D5: Input | E5: 123 | F5: Formula | G5: 123 | H5: Override | I5: 123 | J5: Reference
B7: 1 · BUSINESS CONTEXT
B8: Business name
B9: Region (AU / NZ / US)
B10: Forecast start · Monday of W1 | C10: 46174
B11: Opening cash · start of W1
B12: Minimum cash buffer (floor) | C12: 250000
B14: 2 · RECEIVABLES | C14: place each expected receipt in the week you'll bank it
B15: Debtor / invoice | C15: =$C$10+7*0 -> 46174 | D15: =$C$10+7*1 -> 46181 | E15: =$C$10+7*2 -> 46188 | F15: =$C$10+7*3 -> 46195 | G15: =$C$10+7*4 -> 46202 | H15: =$C$10+7*5 -> 46209 | I15: =$C$10+7*6 -> 46216 | J15: =$C$10+7*7 -> 46223 | K15: =$C$10+7*8 -> 46230 | L15: =$C$10+7*9 -> 46237 | M15: =$C$10+7*10 -> 46244 | N15: =$C$10+7*11 -> 46251 | O15: =$C$10+7*12 -> 46258
B16: Customer 1, invoice
B17: Customer 2, invoice
B18: Customer 3, invoice
B19: Customer 4, invoice
B20: Customer 5, invoice
B21: Customer 6, invoice
B22: Customer 7, invoice
B23: Customer 8, invoice
B24: Customer 9, invoice
B25: Customer 10, invoice
B26: Customer 11, invoice
B27: Customer 12, invoice
B42: 3 · FORWARD BILLINGS | C42: revenue you'll bill but haven't yet, collected after the lag
B43: AR collection days (lag) | C43: 30
B44: Billed revenue | C44: =$C$10+7*0 -> 46174 | D44: =$C$10+7*1 -> 46181 | E44: =$C$10+7*2 -> 46188 | F44: =$C$10+7*3 -> 46195 | G44: =$C$10+7*4 -> 46202 | H44: =$C$10+7*5 -> 46209 | I44: =$C$10+7*6 -> 46216 | J44: =$C$10+7*7 -> 46223 | K44: =$C$10+7*8 -> 46230 | L44: =$C$10+7*9 -> 46237 | M44: =$C$10+7*10 -> 46244 | N44: =$C$10+7*11 -> 46251 | O44: =$C$10+7*12 -> 46258
B47: 4 · AR TAIL ESTIMATOR | C47: fallback for small receivables you don't track by line
B48: Bucket | C48: Outstanding ($) | D48: Collection prob. | E48: Expected week
B49: 0–30 days (untracked)
B50: 31–60 days
B51: 61–90 days
B52: 90+ days
B54: 5 · OTHER INFLOWS | C54: one-offs, grants, refunds, asset sales
B55: Other inflow | C55: =$C$10+7*0 -> 46174 | D55: =$C$10+7*1 -> 46181 | E55: =$C$10+7*2 -> 46188 | F55: =$C$10+7*3 -> 46195 | G55: =$C$10+7*4 -> 46202 | H55: =$C$10+7*5 -> 46209 | I55: =$C$10+7*6 -> 46216 | J55: =$C$10+7*7 -> 46223 | K55: =$C$10+7*8 -> 46230 | L55: =$C$10+7*9 -> 46237 | M55: =$C$10+7*10 -> 46244 | N55: =$C$10+7*11 -> 46251 | O55: =$C$10+7*12 -> 46258
B56: R&D tax incentive
B57: Equipment resale
B59: Bank balance · per statement (optional)
B61: 6 · PAYABLES | C61: place each expected payment in the week it leaves the account
B62: Creditor / item | C62: =$C$10+7*0 -> 46174 | D62: =$C$10+7*1 -> 46181 | E62: =$C$10+7*2 -> 46188 | F62: =$C$10+7*3 -> 46195 | G62: =$C$10+7*4 -> 46202 | H62: =$C$10+7*5 -> 46209 | I62: =$C$10+7*6 -> 46216 | J62: =$C$10+7*7 -> 46223 | K62: =$C$10+7*8 -> 46230 | L62: =$C$10+7*9 -> 46237 | M62: =$C$10+7*10 -> 46244 | N62: =$C$10+7*11 -> 46251 | O62: =$C$10+7*12 -> 46258
B63: Supplier 1, payment
B64: Supplier 2, payment
B65: Supplier 3, payment
B66: Supplier 4, payment
B67: Supplier 5, payment
B68: Supplier 6, payment
B69: Supplier 7, payment
B70: Supplier 8, payment
B71: Supplier 9, payment
B72: Supplier 10, payment
B74: Undated, paid at AP terms | C74: Invoice date | D74: Amount ($) | E74: Pays wk | F74: enter invoice date + amount and the engine pays it at AP terms (C130); items placed in a week column above always win
E75: =IF(OR($C75="",$D75=""),"",MAX(1,MIN(13,INT(($C75+In_AP_Days-$C$10)/7)+1)))
E76: =IF(OR($C76="",$D76=""),"",MAX(1,MIN(13,INT(($C76+In_AP_Days-$C$10)/7)+1)))
E77: =IF(OR($C77="",$D77=""),"",MAX(1,MIN(13,INT(($C77+In_AP_Days-$C$10)/7)+1)))
E78: =IF(OR($C78="",$D78=""),"",MAX(1,MIN(13,INT(($C78+In_AP_Days-$C$10)/7)+1)))
E79: =IF(OR($C79="",$D79=""),"",MAX(1,MIN(13,INT(($C79+In_AP_Days-$C$10)/7)+1)))
E80: =IF(OR($C80="",$D80=""),"",MAX(1,MIN(13,INT(($C80+In_AP_Days-$C$10)/7)+1)))
E81: =IF(OR($C81="",$D81=""),"",MAX(1,MIN(13,INT(($C81+In_AP_Days-$C$10)/7)+1)))
E82: =IF(OR($C82="",$D82=""),"",MAX(1,MIN(13,INT(($C82+In_AP_Days-$C$10)/7)+1)))
E83: =IF(OR($C83="",$D83=""),"",MAX(1,MIN(13,INT(($C83+In_AP_Days-$C$10)/7)+1)))
E84: =IF(OR($C84="",$D84=""),"",MAX(1,MIN(13,INT(($C84+In_AP_Days-$C$10)/7)+1)))
B89: 7 · RECURRING OPERATING COSTS | C89: by cadence · Weekly / Fortnightly / Monthly (Monthly = calendar-anchored to forecast start)
B90: Line item | C90: Amount ($/period) | D90: Cadence
B91: Software & SaaS
B92: Insurance (PI + cyber)
B93: Professional fees
B94: Utilities & internet
B95: Marketing (always-on)
B96: Office consumables
B101: Monthly anchor weeks (auto · from forecast start) | L101: =MAX(1,MIN(13,INT((EDATE($C$10,0)-$C$10)/7)+1)) -> 1 | M101: =MAX(1,MIN(13,INT((EDATE($C$10,1)-$C$10)/7)+1)) -> 5 | N101: =MAX(1,MIN(13,INT((EDATE($C$10,2)-$C$10)/7)+1)) -> 9 | O101: =MAX(1,MIN(13,INT((EDATE($C$10,3)-$C$10)/7)+1)) -> 13
B102: 8 · PAYROLL
B103: Payroll cycle
B104: Gross per pay run ($, incl on-costs)
B105: First payday week (1–13)
B107: 9 · TAX / STATUTORY CALENDAR | C107: region-filtered · real legal due dates
B108: Label | C108: Region | D108: Date | E108: Amount ($)
B109: PAYG instalment Q | C109: AU
B110: Payroll tax · Jun | C110: AU
B111: Payroll tax · Jul | C111: AU
B112: BAS Q4 | C112: AU
B118: 10 · DEBT SERVICE
B119: Amount per payment ($)
B120: Cycle (weeks between payments)
B121: First payment week (1–13)
B123: 11 · CAPEX / EQUIPMENT | C123: one-offs, place in the week paid
B124: Capex item
B125: Server & workstation refresh
B129: 12 · KEY ASSUMPTIONS | C129: reference
B130: AR collection days | C130: =C43 -> 30
B131: Supplier / AP terms (days)
B132: Payroll per run ($) | C132: =C104 -> 0
B133: Tax · next instalment ($)
B134: Debt service per cycle ($) | C134: =C119 -> 0
B136: 13 · WEEKLY ENGINE FEED | C136: auto-calculated from the sections above · do not edit
B137: Row | C137: =$C$10+7*0 -> 46174 | D137: =$C$10+7*1 -> 46181 | E137: =$C$10+7*2 -> 46188 | F137: =$C$10+7*3 -> 46195 | G137: =$C$10+7*4 -> 46202 | H137: =$C$10+7*5 -> 46209 | I137: =$C$10+7*6 -> 46216 | J137: =$C$10+7*7 -> 46223 | K137: =$C$10+7*8 -> 46230 | L137: =$C$10+7*9 -> 46237 | M137: =$C$10+7*10 -> 46244 | N137: =$C$10+7*11 -> 46251 | O137: =$C$10+7*12 -> 46258
B138: Opening cash · per feed | C138: =$C$11 -> 0
B139: AR collections | C139: =SUMPRODUCT(INDEX($C$16:$O$40,0,COLUMN()-2))+IF((COLUMN()-2)-CEILING($C$43/7,1)>=1,INDEX($C$45:$O$45,1,(COLUMN()-2)-CEILING($C$43/7,1)),0)+SUMPRODUCT(($E$49:$E$52=(COLUMN()-2))*$C$49:$C$52*$D$49:$D$52) -> 0 | D139: =SUMPRODUCT(INDEX($C$16:$O$40,0,COLUMN()-2))+IF((COLUMN()-2)-CEILING($C$43/7,1)>=1,INDEX($C$45:$O$45,1,(COLUMN()-2)-CEILING($C$43/7,1)),0)+SUMPRODUCT(($E$49:$E$52=(COLUMN()-2))*$C$49:$C$52*$D$49:$D$52) -> 0 | E139: =SUMPRODUCT(INDEX($C$16:$O$40,0,COLUMN()-2))+IF((COLUMN()-2)-CEILING($C$43/7,1)>=1,INDEX($C$45:$O$45,1,(COLUMN()-2)-CEILING($C$43/7,1)),0)+SUMPRODUCT(($E$49:$E$52=(COLUMN()-2))*$C$49:$C$52*$D$49:$D$52) -> 0 | F139: =SUMPRODUCT(INDEX($C$16:$O$40,0,COLUMN()-2))+IF((COLUMN()-2)-CEILING($C$43/7,1)>=1,INDEX($C$45:$O$45,1,(COLUMN()-2)-CEILING($C$43/7,1)),0)+SUMPRODUCT(($E$49:$E$52=(COLUMN()-2))*$C$49:$C$52*$D$49:$D$52) -> 0 | G139: =SUMPRODUCT(INDEX($C$16:$O$40,0,COLUMN()-2))+IF((COLUMN()-2)-CEILING($C$43/7,1)>=1,INDEX($C$45:$O$45,1,(COLUMN()-2)-CEILING($C$43/7,1)),0)+SUMPRODUCT(($E$49:$E$52=(COLUMN()-2))*$C$49:$C$52*$D$49:$D$52) -> 0 | H139: =SUMPRODUCT(INDEX($C$16:$O$40,0,COLUMN()-2))+IF((COLUMN()-2)-CEILING($C$43/7,1)>=1,INDEX($C$45:$O$45,1,(COLUMN()-2)-CEILING($C$43/7,1)),0)+SUMPRODUCT(($E$49:$E$52=(COLUMN()-2))*$C$49:$C$52*$D$49:$D$52) -> 0 | I139: =SUMPRODUCT(INDEX($C$16:$O$40,0,COLUMN()-2))+IF((COLUMN()-2)-CEILING($C$43/7,1)>=1,INDEX($C$45:$O$45,1,(COLUMN()-2)-CEILING($C$43/7,1)),0)+SUMPRODUCT(($E$49:$E$52=(COLUMN()-2))*$C$49:$C$52*$D$49:$D$52) -> 0 | J139: =SUMPRODUCT(INDEX($C$16:$O$40,0,COLUMN()-2))+IF((COLUMN()-2)-CEILING($C$43/7,1)>=1,INDEX($C$45:$O$45,1,(COLUMN()-2)-CEILING($C$43/7,1)),0)+SUMPRODUCT(($E$49:$E$52=(COLUMN()-2))*$C$49:$C$52*$D$49:$D$52) -> 0 | ... O139: =SUMPRODUCT(INDEX($C$16:$O$40,0,COLUMN()-2))+IF((COLUMN()-2)-CEILING($C$43/7,1)>=1,INDEX($C$45:$O$45,1,(COLUMN()-2)-CEILING($C$43/7,1)),0)+SUMPRODUCT(($E$49:$E$52=(COLUMN()-2))*$C$49:$C$52*$D$49:$D$52) -> 0
B140: Other inflows | C140: =SUMPRODUCT(INDEX($C$56:$O$58,0,COLUMN()-2)) -> 0 | D140: =SUMPRODUCT(INDEX($C$56:$O$58,0,COLUMN()-2)) -> 0 | E140: =SUMPRODUCT(INDEX($C$56:$O$58,0,COLUMN()-2)) -> 0 | F140: =SUMPRODUCT(INDEX($C$56:$O$58,0,COLUMN()-2)) -> 0 | G140: =SUMPRODUCT(INDEX($C$56:$O$58,0,COLUMN()-2)) -> 0 | H140: =SUMPRODUCT(INDEX($C$56:$O$58,0,COLUMN()-2)) -> 0 | I140: =SUMPRODUCT(INDEX($C$56:$O$58,0,COLUMN()-2)) -> 0 | J140: =SUMPRODUCT(INDEX($C$56:$O$58,0,COLUMN()-2)) -> 0 | ... O140: =SUMPRODUCT(INDEX($C$56:$O$58,0,COLUMN()-2)) -> 0
B141: Payroll | C141: =IF(OR($C$103="",$C$104="",$C$105=""),0,IF(AND((COLUMN()-2)>=$C$105,MOD((COLUMN()-2)-$C$105,CHOOSE(MATCH($C$103,{"Weekly","Fortnightly","Monthly"},0),1,2,4))=0),-$C$104,0)) -> 0 | D141: =IF(OR($C$103="",$C$104="",$C$105=""),0,IF(AND((COLUMN()-2)>=$C$105,MOD((COLUMN()-2)-$C$105,CHOOSE(MATCH($C$103,{"Weekly","Fortnightly","Monthly"},0),1,2,4))=0),-$C$104,0)) -> 0 | E141: =IF(OR($C$103="",$C$104="",$C$105=""),0,IF(AND((COLUMN()-2)>=$C$105,MOD((COLUMN()-2)-$C$105,CHOOSE(MATCH($C$103,{"Weekly","Fortnightly","Monthly"},0),1,2,4))=0),-$C$104,0)) -> 0 | F141: =IF(OR($C$103="",$C$104="",$C$105=""),0,IF(AND((COLUMN()-2)>=$C$105,MOD((COLUMN()-2)-$C$105,CHOOSE(MATCH($C$103,{"Weekly","Fortnightly","Monthly"},0),1,2,4))=0),-$C$104,0)) -> 0 | G141: =IF(OR($C$103="",$C$104="",$C$105=""),0,IF(AND((COLUMN()-2)>=$C$105,MOD((COLUMN()-2)-$C$105,CHOOSE(MATCH($C$103,{"Weekly","Fortnightly","Monthly"},0),1,2,4))=0),-$C$104,0)) -> 0 | H141: =IF(OR($C$103="",$C$104="",$C$105=""),0,IF(AND((COLUMN()-2)>=$C$105,MOD((COLUMN()-2)-$C$105,CHOOSE(MATCH($C$103,{"Weekly","Fortnightly","Monthly"},0),1,2,4))=0),-$C$104,0)) -> 0 | I141: =IF(OR($C$103="",$C$104="",$C$105=""),0,IF(AND((COLUMN()-2)>=$C$105,MOD((COLUMN()-2)-$C$105,CHOOSE(MATCH($C$103,{"Weekly","Fortnightly","Monthly"},0),1,2,4))=0),-$C$104,0)) -> 0 | J141: =IF(OR($C$103="",$C$104="",$C$105=""),0,IF(AND((COLUMN()-2)>=$C$105,MOD((COLUMN()-2)-$C$105,CHOOSE(MATCH($C$103,{"Weekly","Fortnightly","Monthly"},0),1,2,4))=0),-$C$104,0)) -> 0 | ... O141: =IF(OR($C$103="",$C$104="",$C$105=""),0,IF(AND((COLUMN()-2)>=$C$105,MOD((COLUMN()-2)-$C$105,CHOOSE(MATCH($C$103,{"Weekly","Fortnightly","Monthly"},0),1,2,4))=0),-$C$104,0)) -> 0
B142: Suppliers | C142: {=-SUMPRODUCT(INDEX($C$63:$O$73,0,COLUMN()-2))-SUMPRODUCT(($E$75:$E$84=(COLUMN()-2))*($D$75:$D$84<>"")*($D$75:$D$84))} -> 0 | D142: {=-SUMPRODUCT(INDEX($C$63:$O$73,0,COLUMN()-2))-SUMPRODUCT(($E$75:$E$84=(COLUMN()-2))*($D$75:$D$84<>"")*($D$75:$D$84))} -> 0 | E142: {=-SUMPRODUCT(INDEX($C$63:$O$73,0,COLUMN()-2))-SUMPRODUCT(($E$75:$E$84=(COLUMN()-2))*($D$75:$D$84<>"")*($D$75:$D$84))} -> 0 | F142: {=-SUMPRODUCT(INDEX($C$63:$O$73,0,COLUMN()-2))-SUMPRODUCT(($E$75:$E$84=(COLUMN()-2))*($D$75:$D$84<>"")*($D$75:$D$84))} -> 0 | G142: {=-SUMPRODUCT(INDEX($C$63:$O$73,0,COLUMN()-2))-SUMPRODUCT(($E$75:$E$84=(COLUMN()-2))*($D$75:$D$84<>"")*($D$75:$D$84))} -> 0 | H142: {=-SUMPRODUCT(INDEX($C$63:$O$73,0,COLUMN()-2))-SUMPRODUCT(($E$75:$E$84=(COLUMN()-2))*($D$75:$D$84<>"")*($D$75:$D$84))} -> 0 | I142: {=-SUMPRODUCT(INDEX($C$63:$O$73,0,COLUMN()-2))-SUMPRODUCT(($E$75:$E$84=(COLUMN()-2))*($D$75:$D$84<>"")*($D$75:$D$84))} -> 0 | J142: {=-SUMPRODUCT(INDEX($C$63:$O$73,0,COLUMN()-2))-SUMPRODUCT(($E$75:$E$84=(COLUMN()-2))*($D$75:$D$84<>"")*($D$75:$D$84))} -> 0 | ... O142: {=-SUMPRODUCT(INDEX($C$63:$O$73,0,COLUMN()-2))-SUMPRODUCT(($E$75:$E$84=(COLUMN()-2))*($D$75:$D$84<>"")*($D$75:$D$84))} -> 0
B143: Tax | C143: =-SUMPRODUCT((INT(($D$109:$D$116-$C$10)/7)+1=(COLUMN()-2))*($C$109:$C$116=$C$9)*$E$109:$E$116) -> 0 | D143: =-SUMPRODUCT((INT(($D$109:$D$116-$C$10)/7)+1=(COLUMN()-2))*($C$109:$C$116=$C$9)*$E$109:$E$116) -> 0 | E143: =-SUMPRODUCT((INT(($D$109:$D$116-$C$10)/7)+1=(COLUMN()-2))*($C$109:$C$116=$C$9)*$E$109:$E$116) -> 0 | F143: =-SUMPRODUCT((INT(($D$109:$D$116-$C$10)/7)+1=(COLUMN()-2))*($C$109:$C$116=$C$9)*$E$109:$E$116) -> 0 | G143: =-SUMPRODUCT((INT(($D$109:$D$116-$C$10)/7)+1=(COLUMN()-2))*($C$109:$C$116=$C$9)*$E$109:$E$116) -> 0 | H143: =-SUMPRODUCT((INT(($D$109:$D$116-$C$10)/7)+1=(COLUMN()-2))*($C$109:$C$116=$C$9)*$E$109:$E$116) -> 0 | I143: =-SUMPRODUCT((INT(($D$109:$D$116-$C$10)/7)+1=(COLUMN()-2))*($C$109:$C$116=$C$9)*$E$109:$E$116) -> 0 | J143: =-SUMPRODUCT((INT(($D$109:$D$116-$C$10)/7)+1=(COLUMN()-2))*($C$109:$C$116=$C$9)*$E$109:$E$116) -> 0 | ... O143: =-SUMPRODUCT((INT(($D$109:$D$116-$C$10)/7)+1=(COLUMN()-2))*($C$109:$C$116=$C$9)*$E$109:$E$116) -> 0
...

Sheet Sample Cashflow
L1: =In_IllusPill
C2: =In_PackTitle -> 13-Week Cash Flow
B3: Project your cash 13 weeks out · free to use · no attribution required
B5: SCENARIO | C5: Base | E5: DOWNSIDE | G5: UPSIDE
B6: AR collection delay (days) | E6: 7 | G6: -5
B7: Revenue haircut (%) | E7: -0.08 | G7: 0.05
B8: Capex deferral (weeks) | E8: 2 | G8: -1
B9: Discretionary spend cut (%) | E9: -0.1 | G9: -0.03
B26: 13-WEEK CASH · WEEKLY FORECAST · APR 2026 → JUN 2026
B27: Category | C27: W1 | D27: W2 | E27: W3 | F27: W4 | G27: W5 | H27: W6 | I27: W7 | J27: W8 | K27: W9 | L27: W10 | M27: W11 | N27: W12 | O27: W13
B28: Opening cash | C28: =In_OpeningCashW1 -> 420000 | D28: =C40 -> 325400 | E28: =D40 -> 388300 | F28: =E40 -> 332400 | G28: =F40 -> 382550 | H28: =G40 -> 255950 | I28: =H40 -> 322550 | J28: =I40 -> 91650 | K28: =J40 -> 2550 | ... O28: =N40 -> 20000
B29: INFLOWS
B30: AR collections | C30: =C129+C144 -> 95000 | D30: =D129+D144 -> 119000 | E30: =E129+E144 -> 40000 | F30: =F129+F144 -> 57750 | G30: =G129+G144 -> 33000 | H30: =H129+H144 -> 99700 | I30: =I129+I144 -> 16000 | J30: =J129+J144 -> 54000 | ... O30: =O129+O144 -> 65000
B31: Other inflows | C31: =C130+C145 -> 0 | D31: =D130+D145 -> 0 | E31: =E130+E145 -> 18000 | F31: =F130+F145 -> 0 | G31: =G130+G145 -> 0 | H31: =H130+H145 -> 0 | I31: =I130+I145 -> 0 | J31: =J130+J145 -> 0 | ... O31: =O130+O145 -> 0
B32: OUTFLOWS
B33: Payroll | C33: =C131+C146 -> -98000 | D33: =D131+D146 -> 0 | E33: =E131+E146 -> -98000 | F33: =F131+F146 -> 0 | G33: =G131+G146 -> -98000 | H33: =H131+H146 -> 0 | I33: =I131+I146 -> -98000 | J33: =J131+J146 -> 0 | ... O33: =O131+O146 -> -98000
B34: Suppliers | C34: =C132+C147 -> -42000 | D34: =D132+D147 -> -55000 | E34: =E132+E147 -> -9000 | F34: =F132+F147 -> -6500 | G34: =G132+G147 -> -30000 | H34: =H132+H147 -> -14000 | I34: =I132+I147 -> -12000 | J34: =J132+J147 -> 0 | ... O34: =O132+O147 -> 0
B35: Tax | C35: =C133+C148 -> -18000 | D35: =D133+D148 -> 0 | E35: =E133+E148 -> 0 | F35: =F133+F148 -> 0 | G35: =G133+G148 -> 0 | H35: =H133+H148 -> -18000 | I35: =I133+I148 -> 0 | J35: =J133+J148 -> -142000 | ... O35: =O133+O148 -> 0
B36: Debt service | C36: =C134+C149 -> -8500 | D36: =D134+D149 -> 0 | E36: =E134+E149 -> 0 | F36: =F134+F149 -> 0 | G36: =G134+G149 -> -8500 | H36: =H134+H149 -> 0 | I36: =I134+I149 -> 0 | J36: =J134+J149 -> 0 | ... O36: =O134+O149 -> -8500
B37: Recurring | C37: =C135+C150 -> -23100 | D37: =D135+D150 -> -1100 | E37: =E135+E150 -> -6900 | F37: =F135+F150 -> -1100 | G37: =G135+G150 -> -23100 | H37: =H135+H150 -> -1100 | I37: =I135+I150 -> -6900 | J37: =J135+J150 -> -1100 | ... O37: =O135+O150 -> -23100
B38: Equipment & capital | C38: =C136+C151 -> 0 | D38: =D136+D151 -> 0 | E38: =E136+E151 -> 0 | F38: =F136+F151 -> 0 | G38: =G136+G151 -> 0 | H38: =H136+H151 -> 0 | I38: =I136+I151 -> -130000 | J38: =J136+J151 -> 0 | ... O38: =O136+O151 -> 0
B39: Net flow | C39: =C30+C31+C33+C34+C35+C36+C37+C38 -> -94600 | D39: =D30+D31+D33+D34+D35+D36+D37+D38 -> 62900 | E39: =E30+E31+E33+E34+E35+E36+E37+E38 -> -55900 | F39: =F30+F31+F33+F34+F35+F36+F37+F38 -> 50150 | G39: =G30+G31+G33+G34+G35+G36+G37+G38 -> -126600 | H39: =H30+H31+H33+H34+H35+H36+H37+H38 -> 66600 | I39: =I30+I31+I33+I34+I35+I36+I37+I38 -> -230900 | J39: =J30+J31+J33+J34+J35+J36+J37+J38 -> -89100 | ... O39: =O30+O31+O33+O34+O35+O36+O37+O38 -> -64600
B40: Closing cash | C40: =C28+C39 -> 325400 | D40: =D28+D39 -> 388300 | E40: =E28+E39 -> 332400 | F40: =F28+F39 -> 382550 | G40: =G28+G39 -> 255950 | H40: =H28+H39 -> 322550 | I40: =I28+I39 -> 91650 | J40: =J28+J39 -> 2550 | ... O40: =O28+O39 -> -44600
B41: Bank balance · per feed | C41: =IF(OR(ISBLANK('Sample Inputs'!C59),'Sample Inputs'!C59=0),"–",'Sample Inputs'!C59) -> 324800 | D41: =IF(OR(ISBLANK('Sample Inputs'!D59),'Sample Inputs'!D59=0),"–",'Sample Inputs'!D59) -> 388900 | E41: =IF(OR(ISBLANK('Sample Inputs'!E59),'Sample Inputs'!E59=0),"–",'Sample Inputs'!E59) -> 331600 | F41: =IF(OR(ISBLANK('Sample Inputs'!F59),'Sample Inputs'!F59=0),"–",'Sample Inputs'!F59) -> 383200 | G41: =IF(OR(ISBLANK('Sample Inputs'!G59),'Sample Inputs'!G59=0),"–",'Sample Inputs'!G59) -> – | H41: =IF(OR(ISBLANK('Sample Inputs'!H59),'Sample Inputs'!H59=0),"–",'Sample Inputs'!H59) -> – | I41: =IF(OR(ISBLANK('Sample Inputs'!I59),'Sample Inputs'!I59=0),"–",'Sample Inputs'!I59) -> – | J41: =IF(OR(ISBLANK('Sample Inputs'!J59),'Sample Inputs'!J59=0),"–",'Sample Inputs'!J59) -> – | ... O41: =IF(OR(ISBLANK('Sample Inputs'!O59),'Sample Inputs'!O59=0),"–",'Sample Inputs'!O59) -> –
B43: =IF(C111=0,"All weeks above floor · Trough "&TEXT(C109,"$#,##0")&" (W"&C110&") · Closes "&TEXT(O40,"$#,##0"),"Below floor · "&C115&" · Trough "&TEXT(C109,"$#,##0")&" (W"&C110&") · Floor "&TEXT(In_MinCashFloor,"$#,##0")&" · Closes "&TEXT(O40,"$#,##0")) -> Below floor · W7–W13 · Trough -$169,400 (W9) · Floor $250,000 · Closes -$44,600
B45: ="KEY CASH ASSUMPTIONS · 6 INPUTS · AR days, AP terms, payroll, tax, debt, floor" -> KEY CASH ASSUMPTIONS · 6 INPUTS · AR days, AP terms, payroll, tax, debt, floor
B46: AR collection days | C46: =In_AR_Days -> 30 | D46: 6-month trailing average from AR aging
B47: Supplier terms | C47: =In_AP_Days -> 30 | D47: AP aging report · 6-month trailing
B48: Payroll cycle ($) | C48: =In_Payroll_Bi -> 98000 | D48: Bi-weekly · W1,W3,W5,W7,W9,W11,W13
B49: Tax · PAYG instalment ($) | C49: =In_Tax_Q -> 142000 | D49: Quarterly · next due 21 May 2026 (W6)
B50: Debt service · 4-weekly ($) | C50: =In_Debt_Cyc -> 8500 | D50: $8.5K principal + interest on WC line
B51: Min cash threshold | C51: =In_MinCashFloor -> 250000 | D51: Owner-set · drives trough alert (3 weeks payroll buffer)
B53: OVERRIDES · NAMED EVENTS · APPLIED ON TOP OF SCENARIO
C54: Event | G54: Week | H54: Line Item | J54: Impact ($) | K54: Note
B55: off | C55: Example event, rename me
B56: off | C56: Example event, rename me
B57: off
B58: off
B59: off
B60: off
B61: off
B62: off
B63: off
B64: off
B66: RECONCILIATION · every check must hold | I66: MASTER | J66: =IF(COUNTIF(J68:J80,"FAIL")=0,"PASS","FAIL ("&COUNTIF(J68:J80,"FAIL")&")") -> PASS
B67: ID | C67: Check | H67: Expected | I67: Actual | J67: Result
B68: R01 | C68: W1 closing = opening + net flow | H68: =C28+C39 -> 325400 | I68: =C40 -> 325400 | J68: =IF(ABS(I68-H68)<=0.5,"PASS","FAIL") -> PASS
B69: R02 | C69: W2 closing = opening + net flow | H69: =D28+D39 -> 388300 | I69: =D40 -> 388300 | J69: =IF(ABS(I69-H69)<=0.5,"PASS","FAIL") -> PASS
B70: R03 | C70: W3 closing = opening + net flow | H70: =E28+E39 -> 332400 | I70: =E40 -> 332400 | J70: =IF(ABS(I70-H70)<=0.5,"PASS","FAIL") -> PASS
B71: R04 | C71: W4 closing = opening + net flow | H71: =F28+F39 -> 382550 | I71: =F40 -> 382550 | J71: =IF(ABS(I71-H71)<=0.5,"PASS","FAIL") -> PASS
B72: R05 | C72: W5 closing = opening + net flow | H72: =G28+G39 -> 255950 | I72: =G40 -> 255950 | J72: =IF(ABS(I72-H72)<=0.5,"PASS","FAIL") -> PASS
B73: R06 | C73: W6 closing = opening + net flow | H73: =H28+H39 -> 322550 | I73: =H40 -> 322550 | J73: =IF(ABS(I73-H73)<=0.5,"PASS","FAIL") -> PASS
B74: R07 | C74: W7 closing = opening + net flow | H74: =I28+I39 -> 91650 | I74: =I40 -> 91650 | J74: =IF(ABS(I74-H74)<=0.5,"PASS","FAIL") -> PASS
B75: R08 | C75: W8 closing = opening + net flow | H75: =J28+J39 -> 2550 | I75: =J40 -> 2550 | J75: =IF(ABS(I75-H75)<=0.5,"PASS","FAIL") -> PASS
B76: R09 | C76: W9 closing = opening + net flow | H76: =K28+K39 -> -169400 | I76: =K40 -> -169400 | J76: =IF(ABS(I76-H76)<=0.5,"PASS","FAIL") -> PASS
B77: R10 | C77: W10 closing = opening + net flow | H77: =L28+L39 -> -115000 | I77: =L40 -> -115000 | J77: =IF(ABS(I77-H77)<=0.5,"PASS","FAIL") -> PASS
B78: R11 | C78: W11 closing = opening + net flow | H78: =M28+M39 -> -129900 | I78: =M40 -> -129900 | J78: =IF(ABS(I78-H78)<=0.5,"PASS","FAIL") -> PASS
B79: R12 | C79: W12 closing = opening + net flow | H79: =N28+N39 -> 20000 | I79: =N40 -> 20000 | J79: =IF(ABS(I79-H79)<=0.5,"PASS","FAIL") -> PASS
B80: R13 | C80: W13 closing = opening + net flow | H80: =O28+O39 -> -44600 | I80: =O40 -> -44600 | J80: =IF(ABS(I80-H80)<=0.5,"PASS","FAIL") -> PASS
B82: Want this run on your real numbers, not a sample? Book a fit call →
C104: =C27 -> W1 | D104: =D27 -> W2 | E104: =E27 -> W3 | F104: =F27 -> W4 | G104: =G27 -> W5 | H104: =H27 -> W6 | I104: =I27 -> W7 | J104: =J27 -> W8 | ... O104: =O27 -> W13
B105: Floor | C105: =In_MinCashFloor -> 250000 | D105: =In_MinCashFloor -> 250000 | E105: =In_MinCashFloor -> 250000 | F105: =In_MinCashFloor -> 250000 | G105: =In_MinCashFloor -> 250000 | H105: =In_MinCashFloor -> 250000 | I105: =In_MinCashFloor -> 250000 | J105: =In_MinCashFloor -> 250000 | ... O105: =In_MinCashFloor -> 250000
B106: Safe cash | C106: =IF(C40<In_MinCashFloor,NA(),C40) -> 325400 | D106: =IF(D40<In_MinCashFloor,NA(),D40) -> 388300 | E106: =IF(E40<In_MinCashFloor,NA(),E40) -> 332400 | F106: =IF(F40<In_MinCashFloor,NA(),F40) -> 382550 | G106: =IF(G40<In_MinCashFloor,NA(),G40) -> 255950 | H106: =IF(H40<In_MinCashFloor,NA(),H40) -> 322550 | I106: =IF(I40<In_MinCashFloor,NA(),I40) -> #N/A | J106: =IF(J40<In_MinCashFloor,NA(),J40) -> #N/A | ... O106: =IF(O40<In_MinCashFloor,NA(),O40) -> #N/A
B107: Below floor | C107: =IF(C40<In_MinCashFloor,C40,NA()) -> #N/A | D107: =IF(D40<In_MinCashFloor,D40,NA()) -> #N/A | E107: =IF(E40<In_MinCashFloor,E40,NA()) -> #N/A | F107: =IF(F40<In_MinCashFloor,F40,NA()) -> #N/A | G107: =IF(G40<In_MinCashFloor,G40,NA()) -> #N/A | H107: =IF(H40<In_MinCashFloor,H40,NA()) -> #N/A | I107: =IF(I40<In_MinCashFloor,I40,NA()) -> 91650 | J107: =IF(J40<In_MinCashFloor,J40,NA()) -> 2550 | ... O107: =IF(O40<In_MinCashFloor,O40,NA()) -> -44600
B109: Trough value | C109: =MIN(C40:O40) -> -169400
B110: Trough week | C110: =MATCH(C109,C40:O40,0) -> 9
B111: Breach count | C111: =COUNTIF(C40:O40,"<"&In_MinCashFloor) -> 7
B112: First breach | C112: {=IFERROR(MATCH(TRUE,INDEX(C40:O40<In_MinCashFloor,0),0),0)} -> 7
B113: Last breach | C113: {=IF(C111=0,0,MAX(IF(C40:O40<In_MinCashFloor,COLUMN(C40:O40)-COLUMN(C40)+1)))} -> 13
B114: Contiguous? | C114: =IF(C111=0,FALSE,(C113-C112+1)=C111) -> TRUE
B115: Breach label | C115: =IF(C111=0,"No breach",IF(C111=1,"W"&C112,IF(C114,"W"&C112&"–W"&C113,"W"&C112&"+"&(C111-1)&" more"))) -> W7–W13
B127: DRIVER-ADJUSTED LAYER (working), base values shifted/scaled by active scenario
B128: Row | C128: W1 | D128: W2 | E128: W3 | F128: W4 | G128: W5 | H128: W6 | I128: W7 | J128: W8 | K128: W9 | L128: W10 | M128: W11 | N128: W12 | O128: W13
B129: AR collections | C129: {=IF(COLUMN(C129)-COLUMN($C129)+1-ROUND(CashDrv_AR_Active/7,0)<1,0,IF(COLUMN(C129)-COLUMN($C129)+1-ROUND(CashDrv_AR_Active/7,0)>13,0,INDEX(In_Cash_Ar,1,COLUMN(C129)-COLUMN($C129)+1-ROUND(CashDrv_AR_Active/7,0))))*(1+CashDrv_Rev_Active)} -> 95000 | D129: {=IF(COLUMN(D129)-COLUMN($C129)+1-ROUND(CashDrv_AR_Active/7,0)<1,0,IF(COLUMN(D129)-COLUMN($C129)+1-ROUND(CashDrv_AR_Active/7,0)>13,0,INDEX(In_Cash_Ar,1,COLUMN(D129)-COLUMN($C129)+1-ROUND(CashDrv_AR_Active/7,0))))*(1+CashDrv_Rev_Active)} -> 119000 | E129: {=IF(COLUMN(E129)-COLUMN($C129)+1-ROUND(CashDrv_AR_Active/7,0)<1,0,IF(COLUMN(E129)-COLUMN($C129)+1-ROUND(CashDrv_AR_Active/7,0)>13,0,INDEX(In_Cash_Ar,1,COLUMN(E129)-COLUMN($C129)+1-ROUND(CashDrv_AR_Active/7,0))))*(1+CashDrv_Rev_Active)} -> 40000 | F129: {=IF(COLUMN(F129)-COLUMN($C129)+1-ROUND(CashDrv_AR_Active/7,0)<1,0,IF(COLUMN(F129)-COLUMN($C129)+1-ROUND(CashDrv_AR_Active/7,0)>13,0,INDEX(In_Cash_Ar,1,COLUMN(F129)-COLUMN($C129)+1-ROUND(CashDrv_AR_Active/7,0))))*(1+CashDrv_Rev_Active)} -> 57750 | G129: {=IF(COLUMN(G129)-COLUMN($C129)+1-ROUND(CashDrv_AR_Active/7,0)<1,0,IF(COLUMN(G129)-COLUMN($C129)+1-ROUND(CashDrv_AR_Active/7,0)>13,0,INDEX(In_Cash_Ar,1,COLUMN(G129)-COLUMN($C129)+1-ROUND(CashDrv_AR_Active/7,0))))*(1+CashDrv_Rev_Active)} -> 33000 | H129: {=IF(COLUMN(H129)-COLUMN($C129)+1-ROUND(CashDrv_AR_Active/7,0)<1,0,IF(COLUMN(H129)-COLUMN($C129)+1-ROUND(CashDrv_AR_Active/7,0)>13,0,INDEX(In_Cash_Ar,1,COLUMN(H129)-COLUMN($C129)+1-ROUND(CashDrv_AR_Active/7,0))))*(1+CashDrv_Rev_Active)} -> 99700 | I129: {=IF(COLUMN(I129)-COLUMN($C129)+1-ROUND(CashDrv_AR_Active/7,0)<1,0,IF(COLUMN(I129)-COLUMN($C129)+1-ROUND(CashDrv_AR_Active/7,0)>13,0,INDEX(In_Cash_Ar,1,COLUMN(I129)-COLUMN($C129)+1-ROUND(CashDrv_AR_Active/7,0))))*(1+CashDrv_Rev_Active)} -> 16000 | J129: {=IF(COLUMN(J129)-COLUMN($C129)+1-ROUND(CashDrv_AR_Active/7,0)<1,0,IF(COLUMN(J129)-COLUMN($C129)+1-ROUND(CashDrv_AR_Active/7,0)>13,0,INDEX(In_Cash_Ar,1,COLUMN(J129)-COLUMN($C129)+1-ROUND(CashDrv_AR_Active/7,0))))*(1+CashDrv_Rev_Active)} -> 54000 | ... O129: {=IF(COLUMN(O129)-COLUMN($C129)+1-ROUND(CashDrv_AR_Active/7,0)<1,0,IF(COLUMN(O129)-COLUMN($C129)+1-ROUND(CashDrv_AR_Active/7,0)>13,0,INDEX(In_Cash_Ar,1,COLUMN(O129)-COLUMN($C129)+1-ROUND(CashDrv_AR_Active/7,0))))*(1+CashDrv_Rev_Active)} -> 65000
B130: Other inflows | C130: {=INDEX(In_Cash_Other,1,COLUMN(C130)-COLUMN($C130)+1)*(1+CashDrv_Rev_Active)} -> 0 | D130: {=INDEX(In_Cash_Other,1,COLUMN(D130)-COLUMN($C130)+1)*(1+CashDrv_Rev_Active)} -> 0 | E130: {=INDEX(In_Cash_Other,1,COLUMN(E130)-COLUMN($C130)+1)*(1+CashDrv_Rev_Active)} -> 18000 | F130: {=INDEX(In_Cash_Other,1,COLUMN(F130)-COLUMN($C130)+1)*(1+CashDrv_Rev_Active)} -> 0 | G130: {=INDEX(In_Cash_Other,1,COLUMN(G130)-COLUMN($C130)+1)*(1+CashDrv_Rev_Active)} -> 0 | H130: {=INDEX(In_Cash_Other,1,COLUMN(H130)-COLUMN($C130)+1)*(1+CashDrv_Rev_Active)} -> 0 | I130: {=INDEX(In_Cash_Other,1,COLUMN(I130)-COLUMN($C130)+1)*(1+CashDrv_Rev_Active)} -> 0 | J130: {=INDEX(In_Cash_Other,1,COLUMN(J130)-COLUMN($C130)+1)*(1+CashDrv_Rev_Active)} -> 0 | ... O130: {=INDEX(In_Cash_Other,1,COLUMN(O130)-COLUMN($C130)+1)*(1+CashDrv_Rev_Active)} -> 0
B131: Payroll | C131: {=INDEX(In_Cash_Payroll,1,COLUMN(C131)-COLUMN($C131)+1)} -> -98000 | D131: {=INDEX(In_Cash_Payroll,1,COLUMN(D131)-COLUMN($C131)+1)} -> 0 | E131: {=INDEX(In_Cash_Payroll,1,COLUMN(E131)-COLUMN($C131)+1)} -> -98000 | F131: {=INDEX(In_Cash_Payroll,1,COLUMN(F131)-COLUMN($C131)+1)} -> 0 | G131: {=INDEX(In_Cash_Payroll,1,COLUMN(G131)-COLUMN($C131)+1)} -> -98000 | H131: {=INDEX(In_Cash_Payroll,1,COLUMN(H131)-COLUMN($C131)+1)} -> 0 | I131: {=INDEX(In_Cash_Payroll,1,COLUMN(I131)-COLUMN($C131)+1)} -> -98000 | J131: {=INDEX(In_Cash_Payroll,1,COLUMN(J131)-COLUMN($C131)+1)} -> 0 | ... O131: {=INDEX(In_Cash_Payroll,1,COLUMN(O131)-COLUMN($C131)+1)} -> -98000
B132: Suppliers | C132: {=INDEX(In_Cash_Suppliers,1,COLUMN(C132)-COLUMN($C132)+1)*(1+CashDrv_Disc_Active)} -> -42000 | D132: {=INDEX(In_Cash_Suppliers,1,COLUMN(D132)-COLUMN($C132)+1)*(1+CashDrv_Disc_Active)} -> -55000 | E132: {=INDEX(In_Cash_Suppliers,1,COLUMN(E132)-COLUMN($C132)+1)*(1+CashDrv_Disc_Active)} -> -9000 | F132: {=INDEX(In_Cash_Suppliers,1,COLUMN(F132)-COLUMN($C132)+1)*(1+CashDrv_Disc_Active)} -> -6500 | G132: {=INDEX(In_Cash_Suppliers,1,COLUMN(G132)-COLUMN($C132)+1)*(1+CashDrv_Disc_Active)} -> -30000 | H132: {=INDEX(In_Cash_Suppliers,1,COLUMN(H132)-COLUMN($C132)+1)*(1+CashDrv_Disc_Active)} -> -14000 | I132: {=INDEX(In_Cash_Suppliers,1,COLUMN(I132)-COLUMN($C132)+1)*(1+CashDrv_Disc_Active)} -> -12000 | J132: {=INDEX(In_Cash_Suppliers,1,COLUMN(J132)-COLUMN($C132)+1)*(1+CashDrv_Disc_Active)} -> 0 | ... O132: {=INDEX(In_Cash_Suppliers,1,COLUMN(O132)-COLUMN($C132)+1)*(1+CashDrv_Disc_Active)} -> 0
B133: Tax | C133: {=INDEX(In_Cash_Tax,1,COLUMN(C133)-COLUMN($C133)+1)} -> -18000 | D133: {=INDEX(In_Cash_Tax,1,COLUMN(D133)-COLUMN($C133)+1)} -> 0 | E133: {=INDEX(In_Cash_Tax,1,COLUMN(E133)-COLUMN($C133)+1)} -> 0 | F133: {=INDEX(In_Cash_Tax,1,COLUMN(F133)-COLUMN($C133)+1)} -> 0 | G133: {=INDEX(In_Cash_Tax,1,COLUMN(G133)-COLUMN($C133)+1)} -> 0 | H133: {=INDEX(In_Cash_Tax,1,COLUMN(H133)-COLUMN($C133)+1)} -> -18000 | I133: {=INDEX(In_Cash_Tax,1,COLUMN(I133)-COLUMN($C133)+1)} -> 0 | J133: {=INDEX(In_Cash_Tax,1,COLUMN(J133)-COLUMN($C133)+1)} -> -142000 | ... O133: {=INDEX(In_Cash_Tax,1,COLUMN(O133)-COLUMN($C133)+1)} -> 0
B134: Debt service | C134: {=INDEX(In_Cash_Debt,1,COLUMN(C134)-COLUMN($C134)+1)} -> -8500 | D134: {=INDEX(In_Cash_Debt,1,COLUMN(D134)-COLUMN($C134)+1)} -> 0 | E134: {=INDEX(In_Cash_Debt,1,COLUMN(E134)-COLUMN($C134)+1)} -> 0 | F134: {=INDEX(In_Cash_Debt,1,COLUMN(F134)-COLUMN($C134)+1)} -> 0 | G134: {=INDEX(In_Cash_Debt,1,COLUMN(G134)-COLUMN($C134)+1)} -> -8500 | H134: {=INDEX(In_Cash_Debt,1,COLUMN(H134)-COLUMN($C134)+1)} -> 0 | I134: {=INDEX(In_Cash_Debt,1,COLUMN(I134)-COLUMN($C134)+1)} -> 0 | J134: {=INDEX(In_Cash_Debt,1,COLUMN(J134)-COLUMN($C134)+1)} -> 0 | ... O134: {=INDEX(In_Cash_Debt,1,COLUMN(O134)-COLUMN($C134)+1)} -> -8500
B135: Recurring | C135: {=INDEX(In_Cash_Recurring,1,COLUMN(C135)-COLUMN($C135)+1)*(1+CashDrv_Disc_Active)} -> -23100 | D135: {=INDEX(In_Cash_Recurring,1,COLUMN(D135)-COLUMN($C135)+1)*(1+CashDrv_Disc_Active)} -> -1100 | E135: {=INDEX(In_Cash_Recurring,1,COLUMN(E135)-COLUMN($C135)+1)*(1+CashDrv_Disc_Active)} -> -6900 | F135: {=INDEX(In_Cash_Recurring,1,COLUMN(F135)-COLUMN($C135)+1)*(1+CashDrv_Disc_Active)} -> -1100 | G135: {=INDEX(In_Cash_Recurring,1,COLUMN(G135)-COLUMN($C135)+1)*(1+CashDrv_Disc_Active)} -> -23100 | H135: {=INDEX(In_Cash_Recurring,1,COLUMN(H135)-COLUMN($C135)+1)*(1+CashDrv_Disc_Active)} -> -1100 | I135: {=INDEX(In_Cash_Recurring,1,COLUMN(I135)-COLUMN($C135)+1)*(1+CashDrv_Disc_Active)} -> -6900 | J135: {=INDEX(In_Cash_Recurring,1,COLUMN(J135)-COLUMN($C135)+1)*(1+CashDrv_Disc_Active)} -> -1100 | ... O135: {=INDEX(In_Cash_Recurring,1,COLUMN(O135)-COLUMN($C135)+1)*(1+CashDrv_Disc_Active)} -> -23100
B136: Equipment & capital | C136: {=IF(COLUMN(C136)-COLUMN($C136)+1-CashDrv_Capex_Active<1,0,IF(COLUMN(C136)-COLUMN($C136)+1-CashDrv_Capex_Active>13,0,INDEX(In_Cash_Capex,1,COLUMN(C136)-COLUMN($C136)+1-CashDrv_Capex_Active)))} -> 0 | D136: {=IF(COLUMN(D136)-COLUMN($C136)+1-CashDrv_Capex_Active<1,0,IF(COLUMN(D136)-COLUMN($C136)+1-CashDrv_Capex_Active>13,0,INDEX(In_Cash_Capex,1,COLUMN(D136)-COLUMN($C136)+1-CashDrv_Capex_Active)))} -> 0 | E136: {=IF(COLUMN(E136)-COLUMN($C136)+1-CashDrv_Capex_Active<1,0,IF(COLUMN(E136)-COLUMN($C136)+1-CashDrv_Capex_Active>13,0,INDEX(In_Cash_Capex,1,COLUMN(E136)-COLUMN($C136)+1-CashDrv_Capex_Active)))} -> 0 | F136: {=IF(COLUMN(F136)-COLUMN($C136)+1-CashDrv_Capex_Active<1,0,IF(COLUMN(F136)-COLUMN($C136)+1-CashDrv_Capex_Active>13,0,INDEX(In_Cash_Capex,1,COLUMN(F136)-COLUMN($C136)+1-CashDrv_Capex_Active)))} -> 0 | G136: {=IF(COLUMN(G136)-COLUMN($C136)+1-CashDrv_Capex_Active<1,0,IF(COLUMN(G136)-COLUMN($C136)+1-CashDrv_Capex_Active>13,0,INDEX(In_Cash_Capex,1,COLUMN(G136)-COLUMN($C136)+1-CashDrv_Capex_Active)))} -> 0 | H136: {=IF(COLUMN(H136)-COLUMN($C136)+1-CashDrv_Capex_Active<1,0,IF(COLUMN(H136)-COLUMN($C136)+1-CashDrv_Capex_Active>13,0,INDEX(In_Cash_Capex,1,COLUMN(H136)-COLUMN($C136)+1-CashDrv_Capex_Active)))} -> 0 | I136: {=IF(COLUMN(I136)-COLUMN($C136)+1-CashDrv_Capex_Active<1,0,IF(COLUMN(I136)-COLUMN($C136)+1-CashDrv_Capex_Active>13,0,INDEX(In_Cash_Capex,1,COLUMN(I136)-COLUMN($C136)+1-CashDrv_Capex_Active)))} -> -130000 | J136: {=IF(COLUMN(J136)-COLUMN($C136)+1-CashDrv_Capex_Active<1,0,IF(COLUMN(J136)-COLUMN($C136)+1-CashDrv_Capex_Active>13,0,INDEX(In_Cash_Capex,1,COLUMN(J136)-COLUMN($C136)+1-CashDrv_Capex_Active)))} -> 0 | ... O136: {=IF(COLUMN(O136)-COLUMN($C136)+1-CashDrv_Capex_Active<1,0,IF(COLUMN(O136)-COLUMN($C136)+1-CashDrv_Capex_Active>13,0,INDEX(In_Cash_Capex,1,COLUMN(O136)-COLUMN($C136)+1-CashDrv_Capex_Active)))} -> 0
B142: OVERRIDE LOOKUP LAYER (working), per-row, per-week sum of override impacts
B143: Row → | C143: W1 | D143: W2 | E143: W3 | F143: W4 | G143: W5 | H143: W6 | I143: W7 | J143: W8 | K143: W9 | L143: W10 | M143: W11 | N143: W12 | O143: W13
B144: AR collections | C144: =SUMIFS($J$55:$J$64,$H$55:$H$64,$B144,$G$55:$G$64,"W"&(COLUMN(C144)-COLUMN($C144)+1),$B$55:$B$64,"ON") -> 0 | D144: =SUMIFS($J$55:$J$64,$H$55:$H$64,$B144,$G$55:$G$64,"W"&(COLUMN(D144)-COLUMN($C144)+1),$B$55:$B$64,"ON") -> 0 | E144: =SUMIFS($J$55:$J$64,$H$55:$H$64,$B144,$G$55:$G$64,"W"&(COLUMN(E144)-COLUMN($C144)+1),$B$55:$B$64,"ON") -> 0 | F144: =SUMIFS($J$55:$J$64,$H$55:$H$64,$B144,$G$55:$G$64,"W"&(COLUMN(F144)-COLUMN($C144)+1),$B$55:$B$64,"ON") -> 0 | G144: =SUMIFS($J$55:$J$64,$H$55:$H$64,$B144,$G$55:$G$64,"W"&(COLUMN(G144)-COLUMN($C144)+1),$B$55:$B$64,"ON") -> 0 | H144: =SUMIFS($J$55:$J$64,$H$55:$H$64,$B144,$G$55:$G$64,"W"&(COLUMN(H144)-COLUMN($C144)+1),$B$55:$B$64,"ON") -> 0 | I144: =SUMIFS($J$55:$J$64,$H$55:$H$64,$B144,$G$55:$G$64,"W"&(COLUMN(I144)-COLUMN($C144)+1),$B$55:$B$64,"ON") -> 0 | J144: =SUMIFS($J$55:$J$64,$H$55:$H$64,$B144,$G$55:$G$64,"W"&(COLUMN(J144)-COLUMN($C144)+1),$B$55:$B$64,"ON") -> 0 | ... O144: =SUMIFS($J$55:$J$64,$H$55:$H$64,$B144,$G$55:$G$64,"W"&(COLUMN(O144)-COLUMN($C144)+1),$B$55:$B$64,"ON") -> 0
B145: Other inflows | C145: =SUMIFS($J$55:$J$64,$H$55:$H$64,$B145,$G$55:$G$64,"W"&(COLUMN(C145)-COLUMN($C145)+1),$B$55:$B$64,"ON") -> 0 | D145: =SUMIFS($J$55:$J$64,$H$55:$H$64,$B145,$G$55:$G$64,"W"&(COLUMN(D145)-COLUMN($C145)+1),$B$55:$B$64,"ON") -> 0 | E145: =SUMIFS($J$55:$J$64,$H$55:$H$64,$B145,$G$55:$G$64,"W"&(COLUMN(E145)-COLUMN($C145)+1),$B$55:$B$64,"ON") -> 0 | F145: =SUMIFS($J$55:$J$64,$H$55:$H$64,$B145,$G$55:$G$64,"W"&(COLUMN(F145)-COLUMN($C145)+1),$B$55:$B$64,"ON") -> 0 | G145: =SUMIFS($J$55:$J$64,$H$55:$H$64,$B145,$G$55:$G$64,"W"&(COLUMN(G145)-COLUMN($C145)+1),$B$55:$B$64,"ON") -> 0 | H145: =SUMIFS($J$55:$J$64,$H$55:$H$64,$B145,$G$55:$G$64,"W"&(COLUMN(H145)-COLUMN($C145)+1),$B$55:$B$64,"ON") -> 0 | I145: =SUMIFS($J$55:$J$64,$H$55:$H$64,$B145,$G$55:$G$64,"W"&(COLUMN(I145)-COLUMN($C145)+1),$B$55:$B$64,"ON") -> 0 | J145: =SUMIFS($J$55:$J$64,$H$55:$H$64,$B145,$G$55:$G$64,"W"&(COLUMN(J145)-COLUMN($C145)+1),$B$55:$B$64,"ON") -> 0 | ... O145: =SUMIFS($J$55:$J$64,$H$55:$H$64,$B145,$G$55:$G$64,"W"&(COLUMN(O145)-COLUMN($C145)+1),$B$55:$B$64,"ON") -> 0
B146: Payroll | C146: =SUMIFS($J$55:$J$64,$H$55:$H$64,$B146,$G$55:$G$64,"W"&(COLUMN(C146)-COLUMN($C146)+1),$B$55:$B$64,"ON") -> 0 | D146: =SUMIFS($J$55:$J$64,$H$55:$H$64,$B146,$G$55:$G$64,"W"&(COLUMN(D146)-COLUMN($C146)+1),$B$55:$B$64,"ON") -> 0 | E146: =SUMIFS($J$55:$J$64,$H$55:$H$64,$B146,$G$55:$G$64,"W"&(COLUMN(E146)-COLUMN($C146)+1),$B$55:$B$64,"ON") -> 0 | F146: =SUMIFS($J$55:$J$64,$H$55:$H$64,$B146,$G$55:$G$64,"W"&(COLUMN(F146)-COLUMN($C146)+1),$B$55:$B$64,"ON") -> 0 | G146: =SUMIFS($J$55:$J$64,$H$55:$H$64,$B146,$G$55:$G$64,"W"&(COLUMN(G146)-COLUMN($C146)+1),$B$55:$B$64,"ON") -> 0 | H146: =SUMIFS($J$55:$J$64,$H$55:$H$64,$B146,$G$55:$G$64,"W"&(COLUMN(H146)-COLUMN($C146)+1),$B$55:$B$64,"ON") -> 0 | I146: =SUMIFS($J$55:$J$64,$H$55:$H$64,$B146,$G$55:$G$64,"W"&(COLUMN(I146)-COLUMN($C146)+1),$B$55:$B$64,"ON") -> 0 | J146: =SUMIFS($J$55:$J$64,$H$55:$H$64,$B146,$G$55:$G$64,"W"&(COLUMN(J146)-COLUMN($C146)+1),$B$55:$B$64,"ON") -> 0 | ... O146: =SUMIFS($J$55:$J$64,$H$55:$H$64,$B146,$G$55:$G$64,"W"&(COLUMN(O146)-COLUMN($C146)+1),$B$55:$B$64,"ON") -> 0
B147: Suppliers | C147: =SUMIFS($J$55:$J$64,$H$55:$H$64,$B147,$G$55:$G$64,"W"&(COLUMN(C147)-COLUMN($C147)+1),$B$55:$B$64,"ON") -> 0 | D147: =SUMIFS($J$55:$J$64,$H$55:$H$64,$B147,$G$55:$G$64,"W"&(COLUMN(D147)-COLUMN($C147)+1),$B$55:$B$64,"ON") -> 0 | E147: =SUMIFS($J$55:$J$64,$H$55:$H$64,$B147,$G$55:$G$64,"W"&(COLUMN(E147)-COLUMN($C147)+1),$B$55:$B$64,"ON") -> 0 | F147: =SUMIFS($J$55:$J$64,$H$55:$H$64,$B147,$G$55:$G$64,"W"&(COLUMN(F147)-COLUMN($C147)+1),$B$55:$B$64,"ON") -> 0 | G147: =SUMIFS($J$55:$J$64,$H$55:$H$64,$B147,$G$55:$G$64,"W"&(COLUMN(G147)-COLUMN($C147)+1),$B$55:$B$64,"ON") -> 0 | H147: =SUMIFS($J$55:$J$64,$H$55:$H$64,$B147,$G$55:$G$64,"W"&(COLUMN(H147)-COLUMN($C147)+1),$B$55:$B$64,"ON") -> 0 | I147: =SUMIFS($J$55:$J$64,$H$55:$H$64,$B147,$G$55:$G$64,"W"&(COLUMN(I147)-COLUMN($C147)+1),$B$55:$B$64,"ON") -> 0 | J147: =SUMIFS($J$55:$J$64,$H$55:$H$64,$B147,$G$55:$G$64,"W"&(COLUMN(J147)-COLUMN($C147)+1),$B$55:$B$64,"ON") -> 0 | ... O147: =SUMIFS($J$55:$J$64,$H$55:$H$64,$B147,$G$55:$G$64,"W"&(COLUMN(O147)-COLUMN($C147)+1),$B$55:$B$64,"ON") -> 0
B148: Tax | C148: =SUMIFS($J$55:$J$64,$H$55:$H$64,$B148,$G$55:$G$64,"W"&(COLUMN(C148)-COLUMN($C148)+1),$B$55:$B$64,"ON") -> 0 | D148: =SUMIFS($J$55:$J$64,$H$55:$H$64,$B148,$G$55:$G$64,"W"&(COLUMN(D148)-COLUMN($C148)+1),$B$55:$B$64,"ON") -> 0 | E148: =SUMIFS($J$55:$J$64,$H$55:$H$64,$B148,$G$55:$G$64,"W"&(COLUMN(E148)-COLUMN($C148)+1),$B$55:$B$64,"ON") -> 0 | F148: =SUMIFS($J$55:$J$64,$H$55:$H$64,$B148,$G$55:$G$64,"W"&(COLUMN(F148)-COLUMN($C148)+1),$B$55:$B$64,"ON") -> 0 | G148: =SUMIFS($J$55:$J$64,$H$55:$H$64,$B148,$G$55:$G$64,"W"&(COLUMN(G148)-COLUMN($C148)+1),$B$55:$B$64,"ON") -> 0 | H148: =SUMIFS($J$55:$J$64,$H$55:$H$64,$B148,$G$55:$G$64,"W"&(COLUMN(H148)-COLUMN($C148)+1),$B$55:$B$64,"ON") -> 0 | I148: =SUMIFS($J$55:$J$64,$H$55:$H$64,$B148,$G$55:$G$64,"W"&(COLUMN(I148)-COLUMN($C148)+1),$B$55:$B$64,"ON") -> 0 | J148: =SUMIFS($J$55:$J$64,$H$55:$H$64,$B148,$G$55:$G$64,"W"&(COLUMN(J148)-COLUMN($C148)+1),$B$55:$B$64,"ON") -> 0 | ... O148: =SUMIFS($J$55:$J$64,$H$55:$H$64,$B148,$G$55:$G$64,"W"&(COLUMN(O148)-COLUMN($C148)+1),$B$55:$B$64,"ON") -> 0
B149: Debt service | C149: =SUMIFS($J$55:$J$64,$H$55:$H$64,$B149,$G$55:$G$64,"W"&(COLUMN(C149)-COLUMN($C149)+1),$B$55:$B$64,"ON") -> 0 | D149: =SUMIFS($J$55:$J$64,$H$55:$H$64,$B149,$G$55:$G$64,"W"&(COLUMN(D149)-COLUMN($C149)+1),$B$55:$B$64,"ON") -> 0 | E149: =SUMIFS($J$55:$J$64,$H$55:$H$64,$B149,$G$55:$G$64,"W"&(COLUMN(E149)-COLUMN($C149)+1),$B$55:$B$64,"ON") -> 0 | F149: =SUMIFS($J$55:$J$64,$H$55:$H$64,$B149,$G$55:$G$64,"W"&(COLUMN(F149)-COLUMN($C149)+1),$B$55:$B$64,"ON") -> 0 | G149: =SUMIFS($J$55:$J$64,$H$55:$H$64,$B149,$G$55:$G$64,"W"&(COLUMN(G149)-COLUMN($C149)+1),$B$55:$B$64,"ON") -> 0 | H149: =SUMIFS($J$55:$J$64,$H$55:$H$64,$B149,$G$55:$G$64,"W"&(COLUMN(H149)-COLUMN($C149)+1),$B$55:$B$64,"ON") -> 0 | I149: =SUMIFS($J$55:$J$64,$H$55:$H$64,$B149,$G$55:$G$64,"W"&(COLUMN(I149)-COLUMN($C149)+1),$B$55:$B$64,"ON") -> 0 | J149: =SUMIFS($J$55:$J$64,$H$55:$H$64,$B149,$G$55:$G$64,"W"&(COLUMN(J149)-COLUMN($C149)+1),$B$55:$B$64,"ON") -> 0 | ... O149: =SUMIFS($J$55:$J$64,$H$55:$H$64,$B149,$G$55:$G$64,"W"&(COLUMN(O149)-COLUMN($C149)+1),$B$55:$B$64,"ON") -> 0
B150: Recurring | C150: =SUMIFS($J$55:$J$64,$H$55:$H$64,$B150,$G$55:$G$64,"W"&(COLUMN(C150)-COLUMN($C150)+1),$B$55:$B$64,"ON") -> 0 | D150: =SUMIFS($J$55:$J$64,$H$55:$H$64,$B150,$G$55:$G$64,"W"&(COLUMN(D150)-COLUMN($C150)+1),$B$55:$B$64,"ON") -> 0 | E150: =SUMIFS($J$55:$J$64,$H$55:$H$64,$B150,$G$55:$G$64,"W"&(COLUMN(E150)-COLUMN($C150)+1),$B$55:$B$64,"ON") -> 0 | F150: =SUMIFS($J$55:$J$64,$H$55:$H$64,$B150,$G$55:$G$64,"W"&(COLUMN(F150)-COLUMN($C150)+1),$B$55:$B$64,"ON") -> 0 | G150: =SUMIFS($J$55:$J$64,$H$55:$H$64,$B150,$G$55:$G$64,"W"&(COLUMN(G150)-COLUMN($C150)+1),$B$55:$B$64,"ON") -> 0 | H150: =SUMIFS($J$55:$J$64,$H$55:$H$64,$B150,$G$55:$G$64,"W"&(COLUMN(H150)-COLUMN($C150)+1),$B$55:$B$64,"ON") -> 0 | I150: =SUMIFS($J$55:$J$64,$H$55:$H$64,$B150,$G$55:$G$64,"W"&(COLUMN(I150)-COLUMN($C150)+1),$B$55:$B$64,"ON") -> 0 | J150: =SUMIFS($J$55:$J$64,$H$55:$H$64,$B150,$G$55:$G$64,"W"&(COLUMN(J150)-COLUMN($C150)+1),$B$55:$B$64,"ON") -> 0 | ... O150: =SUMIFS($J$55:$J$64,$H$55:$H$64,$B150,$G$55:$G$64,"W"&(COLUMN(O150)-COLUMN($C150)+1),$B$55:$B$64,"ON") -> 0
B151: Equipment & capital | C151: =SUMIFS($J$55:$J$64,$H$55:$H$64,$B151,$G$55:$G$64,"W"&(COLUMN(C151)-COLUMN($C151)+1),$B$55:$B$64,"ON") -> 0 | D151: =SUMIFS($J$55:$J$64,$H$55:$H$64,$B151,$G$55:$G$64,"W"&(COLUMN(D151)-COLUMN($C151)+1),$B$55:$B$64,"ON") -> 0 | E151: =SUMIFS($J$55:$J$64,$H$55:$H$64,$B151,$G$55:$G$64,"W"&(COLUMN(E151)-COLUMN($C151)+1),$B$55:$B$64,"ON") -> 0 | F151: =SUMIFS($J$55:$J$64,$H$55:$H$64,$B151,$G$55:$G$64,"W"&(COLUMN(F151)-COLUMN($C151)+1),$B$55:$B$64,"ON") -> 0 | G151: =SUMIFS($J$55:$J$64,$H$55:$H$64,$B151,$G$55:$G$64,"W"&(COLUMN(G151)-COLUMN($C151)+1),$B$55:$B$64,"ON") -> 0 | H151: =SUMIFS($J$55:$J$64,$H$55:$H$64,$B151,$G$55:$G$64,"W"&(COLUMN(H151)-COLUMN($C151)+1),$B$55:$B$64,"ON") -> 0 | I151: =SUMIFS($J$55:$J$64,$H$55:$H$64,$B151,$G$55:$G$64,"W"&(COLUMN(I151)-COLUMN($C151)+1),$B$55:$B$64,"ON") -> 0 | J151: =SUMIFS($J$55:$J$64,$H$55:$H$64,$B151,$G$55:$G$64,"W"&(COLUMN(J151)-COLUMN($C151)+1),$B$55:$B$64,"ON") -> 0 | ... O151: =SUMIFS($J$55:$J$64,$H$55:$H$64,$B151,$G$55:$G$64,"W"&(COLUMN(O151)-COLUMN($C151)+1),$B$55:$B$64,"ON") -> 0

Sheet Sample Inputs
C2: 13-Week Cash Flow · Inputs
B3: Blue cells are inputs you edit · receivables & payables are placed in the week you expect them · free to use · no attribution required
B5: LEGEND | C5: 123 | D5: Input | E5: 123 | F5: Formula | G5: 123 | H5: Override | I5: 123 | J5: Reference
B7: 1 · BUSINESS CONTEXT
B8: Business name | C8: Northwind Digital Pty Ltd
B9: Region (AU / NZ / US) | C9: AU
B10: Forecast start · Monday of W1 | C10: 46174
B11: Opening cash · start of W1 | C11: 420000
B12: Minimum cash buffer (floor) | C12: 250000
B14: 2 · RECEIVABLES | C14: place each expected receipt in the week you'll bank it
B15: Debtor / invoice | C15: =$C$10+7*0 -> 46174 | D15: =$C$10+7*1 -> 46181 | E15: =$C$10+7*2 -> 46188 | F15: =$C$10+7*3 -> 46195 | G15: =$C$10+7*4 -> 46202 | H15: =$C$10+7*5 -> 46209 | I15: =$C$10+7*6 -> 46216 | J15: =$C$10+7*7 -> 46223 | K15: =$C$10+7*8 -> 46230 | L15: =$C$10+7*9 -> 46237 | M15: =$C$10+7*10 -> 46244 | N15: =$C$10+7*11 -> 46251 | O15: =$C$10+7*12 -> 46258
B16: Customer 1, invoice | C16: 95000
B17: Customer 2, invoice | D17: 62000
B18: Customer 3, invoice | E18: 40000
B19: Customer 4, invoice | F19: 28000
B20: Customer 5, invoice | G20: 33000
B21: Customer 6, invoice | H21: 88000
B22: Customer 7, invoice | I22: 16000
B23: Customer 8, invoice | J23: 54000
B24: Customer 9, invoice | K24: 18500 | L24: 18500
B25: Customer 10, invoice | L25: 24000
B26: Customer 11, invoice | M26: 30000
B27: Customer 12, invoice | N27: 92000
B42: 3 · FORWARD BILLINGS | C42: revenue you'll bill but haven't yet — collected after the lag
B43: AR collection days (lag) | C43: 30
B44: Billed revenue | C44: =$C$10+7*0 -> 46174 | D44: =$C$10+7*1 -> 46181 | E44: =$C$10+7*2 -> 46188 | F44: =$C$10+7*3 -> 46195 | G44: =$C$10+7*4 -> 46202 | H44: =$C$10+7*5 -> 46209 | I44: =$C$10+7*6 -> 46216 | J44: =$C$10+7*7 -> 46223 | K44: =$C$10+7*8 -> 46230 | L44: =$C$10+7*9 -> 46237 | M44: =$C$10+7*10 -> 46244 | N44: =$C$10+7*11 -> 46251 | O44: =$C$10+7*12 -> 46258
C45: 0 | D45: 0 | E45: 0 | F45: 40000 | G45: 55000 | H45: 60000 | I45: 70000 | J45: 65000 | K45: 72000 | L45: 80000 | M45: 78000 | N45: 82000 | O45: 90000
B47: 4 · AR TAIL ESTIMATOR | C47: fallback for small receivables you don't track by line
B48: Bucket | C48: Outstanding ($) | D48: Collection prob. | E48: Expected week
B49: 0–30 days (untracked) | C49: 60000 | D49: 0.95 | E49: 2
B50: 31–60 days | C50: 35000 | D50: 0.85 | E50: 4
B51: 61–90 days | C51: 18000 | D51: 0.65 | E51: 6
B52: 90+ days | C52: 9000 | D52: 0.35 | E52: 9
B54: 5 · OTHER INFLOWS | C54: one-offs — grants, refunds, asset sales
B55: Other inflow | C55: =$C$10+7*0 -> 46174 | D55: =$C$10+7*1 -> 46181 | E55: =$C$10+7*2 -> 46188 | F55: =$C$10+7*3 -> 46195 | G55: =$C$10+7*4 -> 46202 | H55: =$C$10+7*5 -> 46209 | I55: =$C$10+7*6 -> 46216 | J55: =$C$10+7*7 -> 46223 | K55: =$C$10+7*8 -> 46230 | L55: =$C$10+7*9 -> 46237 | M55: =$C$10+7*10 -> 46244 | N55: =$C$10+7*11 -> 46251 | O55: =$C$10+7*12 -> 46258
B56: R&D tax incentive | E56: 18000
B57: Equipment resale | L57: 6000
B59: Bank balance · per statement (optional) | C59: 324800 | D59: 388900 | E59: 331600 | F59: 383200
B61: 6 · PAYABLES | C61: place each expected payment in the week it leaves the account
B62: Creditor / item | C62: =$C$10+7*0 -> 46174 | D62: =$C$10+7*1 -> 46181 | E62: =$C$10+7*2 -> 46188 | F62: =$C$10+7*3 -> 46195 | G62: =$C$10+7*4 -> 46202 | H62: =$C$10+7*5 -> 46209 | I62: =$C$10+7*6 -> 46216 | J62: =$C$10+7*7 -> 46223 | K62: =$C$10+7*8 -> 46230 | L62: =$C$10+7*9 -> 46237 | M62: =$C$10+7*10 -> 46244 | N62: =$C$10+7*11 -> 46251 | O62: =$C$10+7*12 -> 46258
B63: Supplier 1, payment | C63: 42000
B64: Supplier 2, payment | D64: 55000
B65: Supplier 3, payment | G65: 30000
B66: Supplier 4, payment | I66: 12000
B67: Supplier 5, payment | E67: 9000
B68: Supplier 6, payment | H68: 14000
B69: Supplier 7, payment | L69: 48000
B70: Supplier 8, payment | F70: 6500
B71: Supplier 9, payment | K71: 8000
B72: Supplier 10, payment | N72: 11000
B74: Undated — paid at AP terms | C74: Invoice date | D74: Amount ($) | E74: Pays wk | F74: enter invoice date + amount and the engine pays it at AP terms (C130); items placed in a week column above always win
E75: =IF(OR($C75="",$D75=""),"",MAX(1,MIN(13,INT(($C75+In_AP_Days-$C$10)/7)+1)))
E76: =IF(OR($C76="",$D76=""),"",MAX(1,MIN(13,INT(($C76+In_AP_Days-$C$10)/7)+1)))
E77: =IF(OR($C77="",$D77=""),"",MAX(1,MIN(13,INT(($C77+In_AP_Days-$C$10)/7)+1)))
E78: =IF(OR($C78="",$D78=""),"",MAX(1,MIN(13,INT(($C78+In_AP_Days-$C$10)/7)+1)))
E79: =IF(OR($C79="",$D79=""),"",MAX(1,MIN(13,INT(($C79+In_AP_Days-$C$10)/7)+1)))
E80: =IF(OR($C80="",$D80=""),"",MAX(1,MIN(13,INT(($C80+In_AP_Days-$C$10)/7)+1)))
E81: =IF(OR($C81="",$D81=""),"",MAX(1,MIN(13,INT(($C81+In_AP_Days-$C$10)/7)+1)))
E82: =IF(OR($C82="",$D82=""),"",MAX(1,MIN(13,INT(($C82+In_AP_Days-$C$10)/7)+1)))
E83: =IF(OR($C83="",$D83=""),"",MAX(1,MIN(13,INT(($C83+In_AP_Days-$C$10)/7)+1)))
E84: =IF(OR($C84="",$D84=""),"",MAX(1,MIN(13,INT(($C84+In_AP_Days-$C$10)/7)+1)))
B89: 7 · RECURRING OPERATING COSTS | C89: by cadence · Weekly / Fortnightly / Monthly (Monthly = calendar-anchored to forecast start)
B90: Line item | C90: Amount ($/period) | D90: Cadence
B91: Software & SaaS | C91: 9200 | D91: Monthly
B92: Insurance (PI + cyber) | C92: 2100 | D92: Monthly
B93: Professional fees | C93: 3500 | D93: Monthly
B94: Utilities & internet | C94: 1400 | D94: Monthly
B95: Marketing (always-on) | C95: 5800 | D95: Fortnightly
B96: Office consumables | C96: 1100 | D96: Weekly
B101: Monthly anchor weeks (auto · from forecast start) | L101: =MAX(1,MIN(13,INT((EDATE($C$10,0)-$C$10)/7)+1)) -> 1 | M101: =MAX(1,MIN(13,INT((EDATE($C$10,1)-$C$10)/7)+1)) -> 5 | N101: =MAX(1,MIN(13,INT((EDATE($C$10,2)-$C$10)/7)+1)) -> 9 | O101: =MAX(1,MIN(13,INT((EDATE($C$10,3)-$C$10)/7)+1)) -> 13
B102: 8 · PAYROLL
B103: Payroll cycle | C103: Fortnightly
B104: Gross per pay run ($, incl on-costs) | C104: 98000
B105: First payday week (1–13) | C105: 1
B107: 9 · TAX / STATUTORY CALENDAR | C107: region-filtered · real legal due dates
B108: Label | C108: Region | D108: Date | E108: Amount ($)
B109: PAYG instalment Q | C109: AU | D109: 46224 | E109: 142000
B110: Payroll tax · Jun | C110: AU | D110: 46180 | E110: 18000
B111: Payroll tax · Jul | C111: AU | D111: 46210 | E111: 18000
B112: BAS Q4 | C112: AU | D112: 46231 | E112: 96000
B118: 10 · DEBT SERVICE
B119: Amount per payment ($) | C119: 8500
B120: Cycle (weeks between payments) | C120: 4
B121: First payment week (1–13) | C121: 1
B123: 11 · CAPEX / EQUIPMENT | C123: one-offs — place in the week paid
B124: Capex item | C124: =$C$10+7*0 -> 46174 | D124: =$C$10+7*1 -> 46181 | E124: =$C$10+7*2 -> 46188 | F124: =$C$10+7*3 -> 46195 | G124: =$C$10+7*4 -> 46202 | H124: =$C$10+7*5 -> 46209 | I124: =$C$10+7*6 -> 46216 | J124: =$C$10+7*7 -> 46223 | K124: =$C$10+7*8 -> 46230 | L124: =$C$10+7*9 -> 46237 | M124: =$C$10+7*10 -> 46244 | N124: =$C$10+7*11 -> 46251 | O124: =$C$10+7*12 -> 46258
B125: Server & workstation refresh | I125: 130000
B129: 12 · KEY ASSUMPTIONS | C129: reference
B130: AR collection days | C130: =C43 -> 30
B131: Supplier / AP terms (days) | C131: 30
B132: Payroll per run ($) | C132: =C104 -> 98000
B133: Tax · next instalment ($) | C133: 142000
B134: Debt service per cycle ($) | C134: =C119 -> 8500
B136: 13 · WEEKLY ENGINE FEED | C136: auto-calculated from the sections above · do not edit
B137: Row | C137: =$C$10+7*0 -> 46174 | D137: =$C$10+7*1 -> 46181 | E137: =$C$10+7*2 -> 46188 | F137: =$C$10+7*3 -> 46195 | G137: =$C$10+7*4 -> 46202 | H137: =$C$10+7*5 -> 46209 | I137: =$C$10+7*6 -> 46216 | J137: =$C$10+7*7 -> 46223 | K137: =$C$10+7*8 -> 46230 | L137: =$C$10+7*9 -> 46237 | M137: =$C$10+7*10 -> 46244 | N137: =$C$10+7*11 -> 46251 | O137: =$C$10+7*12 -> 46258
B138: Opening cash · per feed | C138: =$C$11 -> 420000
B139: AR collections | C139: =SUMPRODUCT(INDEX($C$16:$O$40,0,COLUMN()-2))+IF((COLUMN()-2)-CEILING($C$43/7,1)>=1,INDEX($C$45:$O$45,1,(COLUMN()-2)-CEILING($C$43/7,1)),0)+SUMPRODUCT(($E$49:$E$52=(COLUMN()-2))*$C$49:$C$52*$D$49:$D$52) -> 95000 | D139: =SUMPRODUCT(INDEX($C$16:$O$40,0,COLUMN()-2))+IF((COLUMN()-2)-CEILING($C$43/7,1)>=1,INDEX($C$45:$O$45,1,(COLUMN()-2)-CEILING($C$43/7,1)),0)+SUMPRODUCT(($E$49:$E$52=(COLUMN()-2))*$C$49:$C$52*$D$49:$D$52) -> 119000 | E139: =SUMPRODUCT(INDEX($C$16:$O$40,0,COLUMN()-2))+IF((COLUMN()-2)-CEILING($C$43/7,1)>=1,INDEX($C$45:$O$45,1,(COLUMN()-2)-CEILING($C$43/7,1)),0)+SUMPRODUCT(($E$49:$E$52=(COLUMN()-2))*$C$49:$C$52*$D$49:$D$52) -> 40000 | F139: =SUMPRODUCT(INDEX($C$16:$O$40,0,COLUMN()-2))+IF((COLUMN()-2)-CEILING($C$43/7,1)>=1,INDEX($C$45:$O$45,1,(COLUMN()-2)-CEILING($C$43/7,1)),0)+SUMPRODUCT(($E$49:$E$52=(COLUMN()-2))*$C$49:$C$52*$D$49:$D$52) -> 57750 | G139: =SUMPRODUCT(INDEX($C$16:$O$40,0,COLUMN()-2))+IF((COLUMN()-2)-CEILING($C$43/7,1)>=1,INDEX($C$45:$O$45,1,(COLUMN()-2)-CEILING($C$43/7,1)),0)+SUMPRODUCT(($E$49:$E$52=(COLUMN()-2))*$C$49:$C$52*$D$49:$D$52) -> 33000 | H139: =SUMPRODUCT(INDEX($C$16:$O$40,0,COLUMN()-2))+IF((COLUMN()-2)-CEILING($C$43/7,1)>=1,INDEX($C$45:$O$45,1,(COLUMN()-2)-CEILING($C$43/7,1)),0)+SUMPRODUCT(($E$49:$E$52=(COLUMN()-2))*$C$49:$C$52*$D$49:$D$52) -> 99700 | I139: =SUMPRODUCT(INDEX($C$16:$O$40,0,COLUMN()-2))+IF((COLUMN()-2)-CEILING($C$43/7,1)>=1,INDEX($C$45:$O$45,1,(COLUMN()-2)-CEILING($C$43/7,1)),0)+SUMPRODUCT(($E$49:$E$52=(COLUMN()-2))*$C$49:$C$52*$D$49:$D$52) -> 16000 | J139: =SUMPRODUCT(INDEX($C$16:$O$40,0,COLUMN()-2))+IF((COLUMN()-2)-CEILING($C$43/7,1)>=1,INDEX($C$45:$O$45,1,(COLUMN()-2)-CEILING($C$43/7,1)),0)+SUMPRODUCT(($E$49:$E$52=(COLUMN()-2))*$C$49:$C$52*$D$49:$D$52) -> 54000 | ... O139: =SUMPRODUCT(INDEX($C$16:$O$40,0,COLUMN()-2))+IF((COLUMN()-2)-CEILING($C$43/7,1)>=1,INDEX($C$45:$O$45,1,(COLUMN()-2)-CEILING($C$43/7,1)),0)+SUMPRODUCT(($E$49:$E$52=(COLUMN()-2))*$C$49:$C$52*$D$49:$D$52) -> 65000
B140: Other inflows | C140: =SUMPRODUCT(INDEX($C$56:$O$58,0,COLUMN()-2)) -> 0 | D140: =SUMPRODUCT(INDEX($C$56:$O$58,0,COLUMN()-2)) -> 0 | E140: =SUMPRODUCT(INDEX($C$56:$O$58,0,COLUMN()-2)) -> 18000 | F140: =SUMPRODUCT(INDEX($C$56:$O$58,0,COLUMN()-2)) -> 0 | G140: =SUMPRODUCT(INDEX($C$56:$O$58,0,COLUMN()-2)) -> 0 | H140: =SUMPRODUCT(INDEX($C$56:$O$58,0,COLUMN()-2)) -> 0 | I140: =SUMPRODUCT(INDEX($C$56:$O$58,0,COLUMN()-2)) -> 0 | J140: =SUMPRODUCT(INDEX($C$56:$O$58,0,COLUMN()-2)) -> 0 | ... O140: =SUMPRODUCT(INDEX($C$56:$O$58,0,COLUMN()-2)) -> 0
B141: Payroll | C141: =IF(OR($C$103="",$C$104="",$C$105=""),0,IF(AND((COLUMN()-2)>=$C$105,MOD((COLUMN()-2)-$C$105,CHOOSE(MATCH($C$103,{"Weekly","Fortnightly","Monthly"},0),1,2,4))=0),-$C$104,0)) -> -98000 | D141: =IF(OR($C$103="",$C$104="",$C$105=""),0,IF(AND((COLUMN()-2)>=$C$105,MOD((COLUMN()-2)-$C$105,CHOOSE(MATCH($C$103,{"Weekly","Fortnightly","Monthly"},0),1,2,4))=0),-$C$104,0)) -> 0 | E141: =IF(OR($C$103="",$C$104="",$C$105=""),0,IF(AND((COLUMN()-2)>=$C$105,MOD((COLUMN()-2)-$C$105,CHOOSE(MATCH($C$103,{"Weekly","Fortnightly","Monthly"},0),1,2,4))=0),-$C$104,0)) -> -98000 | F141: =IF(OR($C$103="",$C$104="",$C$105=""),0,IF(AND((COLUMN()-2)>=$C$105,MOD((COLUMN()-2)-$C$105,CHOOSE(MATCH($C$103,{"Weekly","Fortnightly","Monthly"},0),1,2,4))=0),-$C$104,0)) -> 0 | G141: =IF(OR($C$103="",$C$104="",$C$105=""),0,IF(AND((COLUMN()-2)>=$C$105,MOD((COLUMN()-2)-$C$105,CHOOSE(MATCH($C$103,{"Weekly","Fortnightly","Monthly"},0),1,2,4))=0),-$C$104,0)) -> -98000 | H141: =IF(OR($C$103="",$C$104="",$C$105=""),0,IF(AND((COLUMN()-2)>=$C$105,MOD((COLUMN()-2)-$C$105,CHOOSE(MATCH($C$103,{"Weekly","Fortnightly","Monthly"},0),1,2,4))=0),-$C$104,0)) -> 0 | I141: =IF(OR($C$103="",$C$104="",$C$105=""),0,IF(AND((COLUMN()-2)>=$C$105,MOD((COLUMN()-2)-$C$105,CHOOSE(MATCH($C$103,{"Weekly","Fortnightly","Monthly"},0),1,2,4))=0),-$C$104,0)) -> -98000 | J141: =IF(OR($C$103="",$C$104="",$C$105=""),0,IF(AND((COLUMN()-2)>=$C$105,MOD((COLUMN()-2)-$C$105,CHOOSE(MATCH($C$103,{"Weekly","Fortnightly","Monthly"},0),1,2,4))=0),-$C$104,0)) -> 0 | ... O141: =IF(OR($C$103="",$C$104="",$C$105=""),0,IF(AND((COLUMN()-2)>=$C$105,MOD((COLUMN()-2)-$C$105,CHOOSE(MATCH($C$103,{"Weekly","Fortnightly","Monthly"},0),1,2,4))=0),-$C$104,0)) -> -98000
B142: Suppliers | C142: {=-SUMPRODUCT(INDEX($C$63:$O$73,0,COLUMN()-2))-SUMPRODUCT(($E$75:$E$84=(COLUMN()-2))*($D$75:$D$84<>"")*($D$75:$D$84))} -> -42000 | D142: {=-SUMPRODUCT(INDEX($C$63:$O$73,0,COLUMN()-2))-SUMPRODUCT(($E$75:$E$84=(COLUMN()-2))*($D$75:$D$84<>"")*($D$75:$D$84))} -> -55000 | E142: {=-SUMPRODUCT(INDEX($C$63:$O$73,0,COLUMN()-2))-SUMPRODUCT(($E$75:$E$84=(COLUMN()-2))*($D$75:$D$84<>"")*($D$75:$D$84))} -> -9000 | F142: {=-SUMPRODUCT(INDEX($C$63:$O$73,0,COLUMN()-2))-SUMPRODUCT(($E$75:$E$84=(COLUMN()-2))*($D$75:$D$84<>"")*($D$75:$D$84))} -> -6500 | G142: {=-SUMPRODUCT(INDEX($C$63:$O$73,0,COLUMN()-2))-SUMPRODUCT(($E$75:$E$84=(COLUMN()-2))*($D$75:$D$84<>"")*($D$75:$D$84))} -> -30000 | H142: {=-SUMPRODUCT(INDEX($C$63:$O$73,0,COLUMN()-2))-SUMPRODUCT(($E$75:$E$84=(COLUMN()-2))*($D$75:$D$84<>"")*($D$75:$D$84))} -> -14000 | I142: {=-SUMPRODUCT(INDEX($C$63:$O$73,0,COLUMN()-2))-SUMPRODUCT(($E$75:$E$84=(COLUMN()-2))*($D$75:$D$84<>"")*($D$75:$D$84))} -> -12000 | J142: {=-SUMPRODUCT(INDEX($C$63:$O$73,0,COLUMN()-2))-SUMPRODUCT(($E$75:$E$84=(COLUMN()-2))*($D$75:$D$84<>"")*($D$75:$D$84))} -> 0 | ... O142: {=-SUMPRODUCT(INDEX($C$63:$O$73,0,COLUMN()-2))-SUMPRODUCT(($E$75:$E$84=(COLUMN()-2))*($D$75:$D$84<>"")*($D$75:$D$84))} -> 0
...
